Workbook
Name Belegprüfung_erfolgt: Auswahlmöglichkeiten!$F$3:$F$4
Name risikobasierte_Kriterien: Auswahlmöglichkeiten!$F$10:$F$25
Name risikobehaftete_Ausgabenkategorien: #REF!
Name Vergabetiefenprüfung: Auswahlmöglichkeiten!$F$6:$F$7
Name zahlenbasierte_Kriterien: Auswahlmöglichkeiten!$F$27:$F$30

Sheet Gesamtübersicht je AZ
A3: Programm REGIO AKTIV - Förderbereich C zahlenmäßiger Nachweis - Anlage 1 zum Auszahlungsantrag Nr. | D3: vom | G3: Bitte die grau hinterlegten Felder befüllen! Wir geben Ihnen Hinweise zur Eingabe der notwendigen Daten, sobald Sie die betreffenden Felder auswählen
A5: GESAMTÜBERSICHT | G5: Hinweis: Die Angaben in den nicht farblich unterlegten Feldern werden aufgrund Ihrer Eingaben automatisch berechnet.
A7: Zuwendungs-/Zuweisungsempfänger
A8: Vorhaben
A9: Vorgangsnummer laut Zuwendungsbescheid/ Zuweisungsschreiben | G9: Hinweis: Bitte geben Sie hier ausschließlich die Zahlen ohne Trennung an. Das Format wird automatisch dargestellt.
A11: Bewilligungszeitraum | B11: vom | D11: bis
A12: Abrechnungsszeitraum | B12: vom | D12: bis
A14: Fördersatz (gem. Ziffer 1. des Zuwendungsbescheides) | B14: 1 | C14: wenn abweichend dann hier eintragen
A15: Fördersatz indirekte Ausgaben (gem. Zuwendungsbescheid) | B15: 0.15 | C15: wenn abweichend dann hier eintragen
B18: Angaben lt. Zuwendungsbescheid/ Zuweisungsschreiben | C18: Angaben lt. abgerechneten/ nachgewiesenen Ausgaben | G18: =IF($C$3=1,IF(B36>0,Auswahlmöglichkeiten!G2,IF(B36=0,"Hinweis: Bitte geben Sie die Angaben lt. Zuwendungsbescheid/ Zuweisungsschreiben ein."))," ")
B19: Bewilligte Ausgaben (in Euro) | C19: Förderfähige Ausgaben (in Euro)
A20: Personalausgaben | C20: =SUMIF(Personalausgaben!$A$15:$A64,$C$3,Personalausgaben!$N$15:$N64) -> 0
A21: Personalausgaben VKO alt | C21: =SUMIF('Personal (VKO) alt'!$A$12:$A42,$C$3,'Personal (VKO) alt'!$N$12:$N42) -> 0
A22: Personalausgaben direkte Ausgaben | C22: =SUMIF('Personal direkte Ausgaben'!$A$13:$A43,$C$3,'Personal direkte Ausgaben'!$K$13:$K43) -> 0
A23: Personalausgaben Unternehmerlohn | C23: =SUMIF(Unternehmerlohn!$A$14:$A44,C3,Unternehmerlohn!$U$14:$U44) -> 0
A24: Indirekte Ausgaben | B24: =SUM(B20:B23)*IF($E$15=0,$B$15,$E$15) -> 0 | C24: =SUM($C$20:$C$23)*IF($E$15=0,$B$15,$E$15) -> 0
A25: Ausgaben für Dienstreisen des Projektpersonals | C25: =SUMIFS(Tabelle2[Spalte12],Tabelle2[Spalte0],$C$3,Tabelle2[Spalte3],$A$25) -> 0
A26: Ausgaben für Lehrgänge und Leistungen externer Einrichtungen | C26: =SUMIFS(Tabelle2[Spalte12],Tabelle2[Spalte0],$C$3,Tabelle2[Spalte3],$A$26) -> 0
A27: Miet- und Mietnebenausgaben für projektbedingte Räume der Teilnehmenden | C27: =SUMIFS(Tabelle2[Spalte12],Tabelle2[Spalte0],$C$3,Tabelle2[Spalte3],$A$27) -> 0
A28: Ausgaben für projektbedingte Fahrten der Teilnehmenden | C28: =SUMIFS(Tabelle2[Spalte12],Tabelle2[Spalte0],$C$3,Tabelle2[Spalte3],$A$28) -> 0
A29: sonstige Sozialabgaben für Teilnehmende | C29: =SUMIFS(Tabelle2[Spalte12],Tabelle2[Spalte0],$C$3,Tabelle2[Spalte3],$A$29) -> 0
A30: sonstige teilnahmebedingte Ausgaben | C30: =SUMIFS(Tabelle2[Spalte12],Tabelle2[Spalte0],$C$3,Tabelle2[Spalte3],$A$30) -> 0
A31: Leistungen zur Sicherung des Lebensunterhalts der Teilnehmenden (SGB II) | C31: =SUMIFS(Tabelle2[Spalte12],Tabelle2[Spalte0],$C$3,Tabelle2[Spalte3],$A$31) -> 0
A32: Miet- und Leasingausgaben für vorhabenbezogene Ausstattungsgegenstände | C32: =SUMIFS(Tabelle2[Spalte12],Tabelle2[Spalte0],$C$3,Tabelle2[Spalte3],$A$32) -> 0
A33: Ausgaben für geringwertige Wirtschaftsgüter | C33: =SUMIFS(Tabelle2[Spalte12],Tabelle2[Spalte0],$C$3,Tabelle2[Spalte3],$A$33) -> 0
A34: Ausgaben für Öffentlichkeitsarbeit | C34: =SUMIFS(Tabelle2[Spalte12],Tabelle2[Spalte0],$C$3,Tabelle2[Spalte3],$A$34) -> 0
A35: Motivationsprämie (bis zu EUR 100,00 pro Monat) | C35: =SUMIFS(Tabelle2[Spalte12],Tabelle2[Spalte0],$C$3,Tabelle2[Spalte3],$A$35) -> 0
A36: Gesamtausgaben | B36: =SUM(B20:B35) -> 0 | C36: =SUM(C20:C35) -> 0
A37: ergibt Zuwendung/ Zuweisung | B37: =SUM($B$20:$B$35)*IF($E$14=0,B14,E14) -> 0 | C37: =IF(SUM(C20:C35)*IF($E$14=0,B14,E14)>$B$37,$B$37,(SUM(C20:C35)*IF($E$14=0,B14,E14))) -> 0
A38: Eigenmittel | B38: =B36-B37 -> 0 | C38: =$C$36-$C$37 -> 0
A39: Nachzuweisende Vorauszahlung | C39: 4000
A40: noch auszuzahlender Betrag | C40: =C37-C39 -> -4000

Sheet Personalausgaben
B3: ="zahlenmäßiger Nachweis - Anlage zum Auszahlungsantrag" & " " & 'Gesamtübersicht je AZ'!$C$3 -> zahlenmäßiger Nachweis - Anlage zum Auszahlungsantrag
O5: Bitte die grau hinterlegten Felder befüllen!
B6: Zuwendungs-/Zuweisungsempfänger | F6: ='Gesamtübersicht je AZ'!$B$7 -> 0
B7: Vorhaben | F7: ='Gesamtübersicht je AZ'!$B$8 -> 0
B8: Vorgangsnummer laut Zuwendungsbescheid/ Zuweisungsschreiben | F8: ='Gesamtübersicht je AZ'!$B$9 -> 0
B10: Hinweis: Bitte beachten Sie die Regelungen im "Merkblatt zur Anwendung der Pauschalierung förderfähiger Personalausgaben in der Förderperiode 2021-2027."
B11: Dieses finden Sie ebenfalls auf unserer Homepage unter dem Reiter "Richtlinien/Merkblätter".
B12: Die Abrechnung von Personal soll nach Möglichkeit grundsätzlich auf Monatsbasis und "ohne Urlaubsabgeltung" erfolgen.
A13: lfd. Nr. AZ | B13: lfd. Nr. | C13: Name des Mitarbeiters | D13: Vorname des Mitarbeiters | E13: Abrechnungszeitraum MM/JJJJ | F13: Anteil im Projekt in % | G13: vereinbarte Stundenanzahl gem. Arbeitsvertrag | H13: Art der Abrechnung | I13: Anzahl der abzu-rechnenden Stunden je Monat | J13: Qualitäts-stufe | K13: Welche Pauschalwerte möchten Sie abrechnen? | L13: Pauschalwert | M13: abgerechnete Ausgaben nach Pauschalwerte ohne Bezug auf Std. gem. AV später ausblenden….!!!! | N13: abgerechnete Ausgaben | O13: Bemerkungen
A14: Spalte16 | B14: Spalte1 | C14: Spalte2 | D14: Spalte3 | E14: Spalte4 | F14: Spalte5 | G14: Spalte52 | H14: Spalte53 | I14: Spalte6 | J14: Spalte7 | K14: Spalte8 | L14: Spalte9 | M14: Spalte10 | N14: Spalte11 | O14: Spalte12
B15: =ROW()-14 -> 1 | L15: =IF(ISBLANK($K15),"0,00",IF(K15="Pauschalwerte ohne Urlaubsabgeltung",IF($H15="Stunden",VLOOKUP($J15,'Grundlagen VKO neu'!$A$12:$B$17,2),IF($H15="Monat",VLOOKUP($J15,'Grundlagen VKO neu'!$A$20:$B$25,2),IF($H15="Jahr",VLOOKUP($J15,'Grundlagen VKO neu'!$A$28:$B$33,2)))),IF($H15="Stunden",VLOOKUP($J15,'Grundlagen VKO neu'!$A$38:$B$43,2),IF($H15="Monat",VLOOKUP($J15,'Grundlagen VKO neu'!$A$46:$B$51,2),"Auswahl nicht möglich")))) -> 0,00 | M15: =IF(H15="Stunden",$I15*$L15,$L15) -> 0,00 | N15: =IF(AND(H15="Jahr",AND(K15="Pauschalwerte mit Urlaubsabgeltung")),"0,00",IF(H15="Stunden",($L15*$I15),((($M15/40)*$G15)*$F15))) -> 0
B16: =ROW()-14 -> 2 | L16: =IF(ISBLANK($K16),"0,00",IF(K16="Pauschalwerte ohne Urlaubsabgeltung",IF($H16="Stunden",VLOOKUP($J16,'Grundlagen VKO neu'!$A$12:$B$17,2),IF($H16="Monat",VLOOKUP($J16,'Grundlagen VKO neu'!$A$20:$B$25,2),IF($H16="Jahr",VLOOKUP($J16,'Grundlagen VKO neu'!$A$28:$B$33,2)))),IF($H16="Stunden",VLOOKUP($J16,'Grundlagen VKO neu'!$A$38:$B$43,2),IF($H16="Monat",VLOOKUP($J16,'Grundlagen VKO neu'!$A$46:$B$51,2),"Auswahl nicht möglich")))) -> 0,00 | M16: =IF(H16="Stunden",$I16*$L16,$L16) -> 0,00 | N16: =IF(AND(H16="Jahr",AND(K16="Pauschalwerte mit Urlaubsabgeltung")),"0,00",IF(H16="Stunden",($L16*$I16),((($M16/40)*$G16)*$F16))) -> 0
B17: =ROW()-14 -> 3 | L17: =IF(ISBLANK($K17),"0,00",IF(K17="Pauschalwerte ohne Urlaubsabgeltung",IF($H17="Stunden",VLOOKUP($J17,'Grundlagen VKO neu'!$A$12:$B$17,2),IF($H17="Monat",VLOOKUP($J17,'Grundlagen VKO neu'!$A$20:$B$25,2),IF($H17="Jahr",VLOOKUP($J17,'Grundlagen VKO neu'!$A$28:$B$33,2)))),IF($H17="Stunden",VLOOKUP($J17,'Grundlagen VKO neu'!$A$38:$B$43,2),IF($H17="Monat",VLOOKUP($J17,'Grundlagen VKO neu'!$A$46:$B$51,2),"Auswahl nicht möglich")))) -> 0,00 | M17: =IF(H17="Stunden",$I17*$L17,$L17) -> 0,00 | N17: =IF(AND(H17="Jahr",AND(K17="Pauschalwerte mit Urlaubsabgeltung")),"0,00",IF(H17="Stunden",($L17*$I17),((($M17/40)*$G17)*$F17))) -> 0
B18: =ROW()-14 -> 4 | L18: =IF(ISBLANK($K18),"0,00",IF(K18="Pauschalwerte ohne Urlaubsabgeltung",IF($H18="Stunden",VLOOKUP($J18,'Grundlagen VKO neu'!$A$12:$B$17,2),IF($H18="Monat",VLOOKUP($J18,'Grundlagen VKO neu'!$A$20:$B$25,2),IF($H18="Jahr",VLOOKUP($J18,'Grundlagen VKO neu'!$A$28:$B$33,2)))),IF($H18="Stunden",VLOOKUP($J18,'Grundlagen VKO neu'!$A$38:$B$43,2),IF($H18="Monat",VLOOKUP($J18,'Grundlagen VKO neu'!$A$46:$B$51,2),"Auswahl nicht möglich")))) -> 0,00 | M18: =IF(H18="Stunden",$I18*$L18,$L18) -> 0,00 | N18: =IF(AND(H18="Jahr",AND(K18="Pauschalwerte mit Urlaubsabgeltung")),"0,00",IF(H18="Stunden",($L18*$I18),((($M18/40)*$G18)*$F18))) -> 0
B19: =ROW()-14 -> 5 | L19: =IF(ISBLANK($K19),"0,00",IF(K19="Pauschalwerte ohne Urlaubsabgeltung",IF($H19="Stunden",VLOOKUP($J19,'Grundlagen VKO neu'!$A$12:$B$17,2),IF($H19="Monat",VLOOKUP($J19,'Grundlagen VKO neu'!$A$20:$B$25,2),IF($H19="Jahr",VLOOKUP($J19,'Grundlagen VKO neu'!$A$28:$B$33,2)))),IF($H19="Stunden",VLOOKUP($J19,'Grundlagen VKO neu'!$A$38:$B$43,2),IF($H19="Monat",VLOOKUP($J19,'Grundlagen VKO neu'!$A$46:$B$51,2),"Auswahl nicht möglich")))) -> 0,00 | M19: =IF(H19="Stunden",$I19*$L19,$L19) -> 0,00 | N19: =IF(AND(H19="Jahr",AND(K19="Pauschalwerte mit Urlaubsabgeltung")),"0,00",IF(H19="Stunden",($L19*$I19),((($M19/40)*$G19)*$F19))) -> 0
B20: =ROW()-14 -> 6 | L20: =IF(ISBLANK($K20),"0,00",IF(K20="Pauschalwerte ohne Urlaubsabgeltung",IF($H20="Stunden",VLOOKUP($J20,'Grundlagen VKO neu'!$A$12:$B$17,2),IF($H20="Monat",VLOOKUP($J20,'Grundlagen VKO neu'!$A$20:$B$25,2),IF($H20="Jahr",VLOOKUP($J20,'Grundlagen VKO neu'!$A$28:$B$33,2)))),IF($H20="Stunden",VLOOKUP($J20,'Grundlagen VKO neu'!$A$38:$B$43,2),IF($H20="Monat",VLOOKUP($J20,'Grundlagen VKO neu'!$A$46:$B$51,2),"Auswahl nicht möglich")))) -> 0,00 | M20: =IF(H20="Stunden",$I20*$L20,$L20) -> 0,00 | N20: =IF(AND(H20="Jahr",AND(K20="Pauschalwerte mit Urlaubsabgeltung")),"0,00",IF(H20="Stunden",($L20*$I20),((($M20/40)*$G20)*$F20))) -> 0
B21: =ROW()-14 -> 7 | L21: =IF(ISBLANK($K21),"0,00",IF(K21="Pauschalwerte ohne Urlaubsabgeltung",IF($H21="Stunden",VLOOKUP($J21,'Grundlagen VKO neu'!$A$12:$B$17,2),IF($H21="Monat",VLOOKUP($J21,'Grundlagen VKO neu'!$A$20:$B$25,2),IF($H21="Jahr",VLOOKUP($J21,'Grundlagen VKO neu'!$A$28:$B$33,2)))),IF($H21="Stunden",VLOOKUP($J21,'Grundlagen VKO neu'!$A$38:$B$43,2),IF($H21="Monat",VLOOKUP($J21,'Grundlagen VKO neu'!$A$46:$B$51,2),"Auswahl nicht möglich")))) -> 0,00 | M21: =IF(H21="Stunden",$I21*$L21,$L21) -> 0,00 | N21: =IF(AND(H21="Jahr",AND(K21="Pauschalwerte mit Urlaubsabgeltung")),"0,00",IF(H21="Stunden",($L21*$I21),((($M21/40)*$G21)*$F21))) -> 0
B22: =ROW()-14 -> 8 | L22: =IF(ISBLANK($K22),"0,00",IF(K22="Pauschalwerte ohne Urlaubsabgeltung",IF($H22="Stunden",VLOOKUP($J22,'Grundlagen VKO neu'!$A$12:$B$17,2),IF($H22="Monat",VLOOKUP($J22,'Grundlagen VKO neu'!$A$20:$B$25,2),IF($H22="Jahr",VLOOKUP($J22,'Grundlagen VKO neu'!$A$28:$B$33,2)))),IF($H22="Stunden",VLOOKUP($J22,'Grundlagen VKO neu'!$A$38:$B$43,2),IF($H22="Monat",VLOOKUP($J22,'Grundlagen VKO neu'!$A$46:$B$51,2),"Auswahl nicht möglich")))) -> 0,00 | M22: =IF(H22="Stunden",$I22*$L22,$L22) -> 0,00 | N22: =IF(AND(H22="Jahr",AND(K22="Pauschalwerte mit Urlaubsabgeltung")),"0,00",IF(H22="Stunden",($L22*$I22),((($M22/40)*$G22)*$F22))) -> 0
B23: =ROW()-14 -> 9 | L23: =IF(ISBLANK($K23),"0,00",IF(K23="Pauschalwerte ohne Urlaubsabgeltung",IF($H23="Stunden",VLOOKUP($J23,'Grundlagen VKO neu'!$A$12:$B$17,2),IF($H23="Monat",VLOOKUP($J23,'Grundlagen VKO neu'!$A$20:$B$25,2),IF($H23="Jahr",VLOOKUP($J23,'Grundlagen VKO neu'!$A$28:$B$33,2)))),IF($H23="Stunden",VLOOKUP($J23,'Grundlagen VKO neu'!$A$38:$B$43,2),IF($H23="Monat",VLOOKUP($J23,'Grundlagen VKO neu'!$A$46:$B$51,2),"Auswahl nicht möglich")))) -> 0,00 | M23: =IF(H23="Stunden",$I23*$L23,$L23) -> 0,00 | N23: =IF(AND(H23="Jahr",AND(K23="Pauschalwerte mit Urlaubsabgeltung")),"0,00",IF(H23="Stunden",($L23*$I23),((($M23/40)*$G23)*$F23))) -> 0
B24: =ROW()-14 -> 10 | L24: =IF(ISBLANK($K24),"0,00",IF(K24="Pauschalwerte ohne Urlaubsabgeltung",IF($H24="Stunden",VLOOKUP($J24,'Grundlagen VKO neu'!$A$12:$B$17,2),IF($H24="Monat",VLOOKUP($J24,'Grundlagen VKO neu'!$A$20:$B$25,2),IF($H24="Jahr",VLOOKUP($J24,'Grundlagen VKO neu'!$A$28:$B$33,2)))),IF($H24="Stunden",VLOOKUP($J24,'Grundlagen VKO neu'!$A$38:$B$43,2),IF($H24="Monat",VLOOKUP($J24,'Grundlagen VKO neu'!$A$46:$B$51,2),"Auswahl nicht möglich")))) -> 0,00 | M24: =IF(H24="Stunden",$I24*$L24,$L24) -> 0,00 | N24: =IF(AND(H24="Jahr",AND(K24="Pauschalwerte mit Urlaubsabgeltung")),"0,00",IF(H24="Stunden",($L24*$I24),((($M24/40)*$G24)*$F24))) -> 0
B25: =ROW()-14 -> 11 | L25: =IF(ISBLANK($K25),"0,00",IF(K25="Pauschalwerte ohne Urlaubsabgeltung",IF($H25="Stunden",VLOOKUP($J25,'Grundlagen VKO neu'!$A$12:$B$17,2),IF($H25="Monat",VLOOKUP($J25,'Grundlagen VKO neu'!$A$20:$B$25,2),IF($H25="Jahr",VLOOKUP($J25,'Grundlagen VKO neu'!$A$28:$B$33,2)))),IF($H25="Stunden",VLOOKUP($J25,'Grundlagen VKO neu'!$A$38:$B$43,2),IF($H25="Monat",VLOOKUP($J25,'Grundlagen VKO neu'!$A$46:$B$51,2),"Auswahl nicht möglich")))) -> 0,00 | M25: =IF(H25="Stunden",$I25*$L25,$L25) -> 0,00 | N25: =IF(AND(H25="Jahr",AND(K25="Pauschalwerte mit Urlaubsabgeltung")),"0,00",IF(H25="Stunden",($L25*$I25),((($M25/40)*$G25)*$F25))) -> 0
B26: =ROW()-14 -> 12 | L26: =IF(ISBLANK($K26),"0,00",IF(K26="Pauschalwerte ohne Urlaubsabgeltung",IF($H26="Stunden",VLOOKUP($J26,'Grundlagen VKO neu'!$A$12:$B$17,2),IF($H26="Monat",VLOOKUP($J26,'Grundlagen VKO neu'!$A$20:$B$25,2),IF($H26="Jahr",VLOOKUP($J26,'Grundlagen VKO neu'!$A$28:$B$33,2)))),IF($H26="Stunden",VLOOKUP($J26,'Grundlagen VKO neu'!$A$38:$B$43,2),IF($H26="Monat",VLOOKUP($J26,'Grundlagen VKO neu'!$A$46:$B$51,2),"Auswahl nicht möglich")))) -> 0,00 | M26: =IF(H26="Stunden",$I26*$L26,$L26) -> 0,00 | N26: =IF(AND(H26="Jahr",AND(K26="Pauschalwerte mit Urlaubsabgeltung")),"0,00",IF(H26="Stunden",($L26*$I26),((($M26/40)*$G26)*$F26))) -> 0
... B64: =ROW()-14 -> 50 | L64: =IF(ISBLANK($K64),"0,00",IF(K64="Pauschalwerte ohne Urlaubsabgeltung",IF($H64="Stunden",VLOOKUP($J64,'Grundlagen VKO neu'!$A$12:$B$17,2),IF($H64="Monat",VLOOKUP($J64,'Grundlagen VKO neu'!$A$20:$B$25,2),IF($H64="Jahr",VLOOKUP($J64,'Grundlagen VKO neu'!$A$28:$B$33,2)))),IF($H64="Stunden",VLOOKUP($J64,'Grundlagen VKO neu'!$A$38:$B$43,2),IF($H64="Monat",VLOOKUP($J64,'Grundlagen VKO neu'!$A$46:$B$51,2),"Auswahl nicht möglich")))) -> 0,00 | M64: =IF(H64="Stunden",$I64*$L64,$L64) -> 0,00 | N64: =IF(AND(H64="Jahr",AND(K64="Pauschalwerte mit Urlaubsabgeltung")),"0,00",IF(H64="Stunden",($L64*$I64),((($M64/40)*$G64)*$F64))) -> 0
L65: SUMME | M65: =SUM(M15:M64) -> 0 | N65: =SUM(N15:N64) -> 0
A66: Hinweis: Zum Hinzufügen weiterer Zeilen markieren Sie bitte eine bereits bestehende Zeile und drücken Sie gleichzeitig "Strg" und "+".

Sheet Personal (VKO) alt
B3: ="zahlenmäßiger Nachweis - Anlage zum Auszahlungsantrag" & " " & 'Gesamtübersicht je AZ'!$C$3 -> zahlenmäßiger Nachweis - Anlage zum Auszahlungsantrag
Q5: Bitte die grau hinterlegten Felder befüllen!
B6: Zuwendungs-/Zuweisungsempfänger | F6: ='Gesamtübersicht je AZ'!#REF! -> #REF!
B7: Vorhaben | F7: ='Gesamtübersicht je AZ'!$B$8 -> 0
B8: Vorgangsnummer laut Zuwendungsbescheid/ Zuweisungsschreiben | F8: ='Gesamtübersicht je AZ'!$B$9 -> 0
A10: lfd. Nr. AZ | B10: lfd. Nr. | C10: Name des Mitarbeiters | D10: Vorname des Mitarbeiters | E10: Abrechnungszeitraum MM/JJJJ | F10: Anteil im Projekt in % | G10: vereinbarte Stundenanzahl gem. Arbeitsvertrag | H10: Art der Abrechnung | I10: Anzahl der abzu-rechnenden Stunden je Monat | J10: Qualitäts-stufe | K10: Welche Pauschalwerte möchten Sie abrechnen? | L10: Pauschalwert | M10: abgerechnete Ausgaben nach Pauschalwerte ohne Bezug auf Std. gem. AV später ausblenden….!!!! | N10: abgerechnete Ausgaben | O10: förderfähige Ausgaben lt. IB | P10: Kürzungsgründe | Q10: Bearbeitungshinweise IB | R10: Prüfkriterium | S10: Risikoprüffeld | T10: Kategorisierung Fehler
A11: Spalte0 | B11: Spalte1 | C11: Spalte2 | D11: Spalte3 | E11: Spalte4 | F11: Spalte5 | G11: Spalte52 | H11: Spalte53 | I11: Spalte6 | J11: Spalte7 | K11: Spalte8 | L11: Spalte9 | M11: Spalte10 | N11: Spalte11 | O11: Spalte113 | P11: Spalte112 | Q11: Spalte12 | R11: Spalte13 | S11: Spalte14 | T11: Spalte15
B12: =ROW()-11 -> 1 | L12: =IF(ISBLANK($K12),"0,00",IF(K12="Pauschalwerte ohne Urlaubsabgeltung",IF($H12="Stunden",VLOOKUP($J12,'Grundlagen VKO alt'!$A$12:$B$17,2),IF($H12="Monat",VLOOKUP($J12,'Grundlagen VKO alt'!$A$20:$B$25,2),IF($H12="Jahr",VLOOKUP($J12,'Grundlagen VKO alt'!$A$28:$B$33,2)))),IF($H12="Stunden",VLOOKUP($J12,'Grundlagen VKO alt'!$A$38:$B$43,2),IF($H12="Monat",VLOOKUP($J12,'Grundlagen VKO alt'!$A$46:$B$51,2),"Auswahl nicht möglich")))) -> 0,00 | M12: =IF(H12="Stunden",$I12*$L12,$L12) -> 0,00 | N12: =IF(AND(H12="Jahr",AND(K12="Pauschalwerte mit Urlaubsabgeltung")),"0,00",IF(H12="Stunden",($L12*$I12),((($M12/40)*$G12)*$F12))) -> 0 | R12: Belegprüfung_erfolgt | S12: 0.1 Belegprüfung zu 100% erfolgt, da Bearbeitung vor dem 01.02.2025
B13: =ROW()-11 -> 2 | L13: =IF(ISBLANK($K13),"0,00",IF(K13="Pauschalwerte ohne Urlaubsabgeltung",IF($H13="Stunden",VLOOKUP($J13,'Grundlagen VKO alt'!$A$12:$B$17,2),IF($H13="Monat",VLOOKUP($J13,'Grundlagen VKO alt'!$A$20:$B$25,2),IF($H13="Jahr",VLOOKUP($J13,'Grundlagen VKO alt'!$A$28:$B$33,2)))),IF($H13="Stunden",VLOOKUP($J13,'Grundlagen VKO alt'!$A$38:$B$43,2),IF($H13="Monat",VLOOKUP($J13,'Grundlagen VKO alt'!$A$46:$B$51,2),"Auswahl nicht möglich")))) -> 0,00 | M13: =IF(H13="Stunden",$I13*$L13,$L13) -> 0,00 | N13: =IF(AND(H13="Jahr",AND(K13="Pauschalwerte mit Urlaubsabgeltung")),"0,00",IF(H13="Stunden",($L13*$I13),((($M13/40)*$G13)*$F13))) -> 0 | R13: Belegprüfung_erfolgt | S13: 0.2 Prüfbescheinigung
B14: =ROW()-11 -> 3 | L14: =IF(ISBLANK($K14),"0,00",IF(K14="Pauschalwerte ohne Urlaubsabgeltung",IF($H14="Stunden",VLOOKUP($J14,'Grundlagen VKO alt'!$A$12:$B$17,2),IF($H14="Monat",VLOOKUP($J14,'Grundlagen VKO alt'!$A$20:$B$25,2),IF($H14="Jahr",VLOOKUP($J14,'Grundlagen VKO alt'!$A$28:$B$33,2)))),IF($H14="Stunden",VLOOKUP($J14,'Grundlagen VKO alt'!$A$38:$B$43,2),IF($H14="Monat",VLOOKUP($J14,'Grundlagen VKO alt'!$A$46:$B$51,2),"Auswahl nicht möglich")))) -> 0,00 | M14: =IF(H14="Stunden",$I14*$L14,$L14) -> 0,00 | N14: =IF(AND(H14="Jahr",AND(K14="Pauschalwerte mit Urlaubsabgeltung")),"0,00",IF(H14="Stunden",($L14*$I14),((($M14/40)*$G14)*$F14))) -> 0
B15: =ROW()-11 -> 4 | L15: =IF(ISBLANK($K15),"0,00",IF(K15="Pauschalwerte ohne Urlaubsabgeltung",IF($H15="Stunden",VLOOKUP($J15,'Grundlagen VKO alt'!$A$12:$B$17,2),IF($H15="Monat",VLOOKUP($J15,'Grundlagen VKO alt'!$A$20:$B$25,2),IF($H15="Jahr",VLOOKUP($J15,'Grundlagen VKO alt'!$A$28:$B$33,2)))),IF($H15="Stunden",VLOOKUP($J15,'Grundlagen VKO alt'!$A$38:$B$43,2),IF($H15="Monat",VLOOKUP($J15,'Grundlagen VKO alt'!$A$46:$B$51,2),"Auswahl nicht möglich")))) -> 0,00 | M15: =IF(H15="Stunden",$I15*$L15,$L15) -> 0,00 | N15: =IF(AND(H15="Jahr",AND(K15="Pauschalwerte mit Urlaubsabgeltung")),"0,00",IF(H15="Stunden",($L15*$I15),((($M15/40)*$G15)*$F15))) -> 0 | R15: Vergabetiefenprüfung | S15: 1.1 Das entsprechende Los befindet sich derzeit in Vergabetiefenprüfung
B16: =ROW()-11 -> 5 | L16: =IF(ISBLANK($K16),"0,00",IF(K16="Pauschalwerte ohne Urlaubsabgeltung",IF($H16="Stunden",VLOOKUP($J16,'Grundlagen VKO alt'!$A$12:$B$17,2),IF($H16="Monat",VLOOKUP($J16,'Grundlagen VKO alt'!$A$20:$B$25,2),IF($H16="Jahr",VLOOKUP($J16,'Grundlagen VKO alt'!$A$28:$B$33,2)))),IF($H16="Stunden",VLOOKUP($J16,'Grundlagen VKO alt'!$A$38:$B$43,2),IF($H16="Monat",VLOOKUP($J16,'Grundlagen VKO alt'!$A$46:$B$51,2),"Auswahl nicht möglich")))) -> 0,00 | M16: =IF(H16="Stunden",$I16*$L16,$L16) -> 0,00 | N16: =IF(AND(H16="Jahr",AND(K16="Pauschalwerte mit Urlaubsabgeltung")),"0,00",IF(H16="Stunden",($L16*$I16),((($M16/40)*$G16)*$F16))) -> 0 | R16: Vergabetiefenprüfung | S16: 1.2 Vergabetiefenprüfung ist erfolgt
B17: =ROW()-11 -> 6 | L17: =IF(ISBLANK($K17),"0,00",IF(K17="Pauschalwerte ohne Urlaubsabgeltung",IF($H17="Stunden",VLOOKUP($J17,'Grundlagen VKO alt'!$A$12:$B$17,2),IF($H17="Monat",VLOOKUP($J17,'Grundlagen VKO alt'!$A$20:$B$25,2),IF($H17="Jahr",VLOOKUP($J17,'Grundlagen VKO alt'!$A$28:$B$33,2)))),IF($H17="Stunden",VLOOKUP($J17,'Grundlagen VKO alt'!$A$38:$B$43,2),IF($H17="Monat",VLOOKUP($J17,'Grundlagen VKO alt'!$A$46:$B$51,2),"Auswahl nicht möglich")))) -> 0,00 | M17: =IF(H17="Stunden",$I17*$L17,$L17) -> 0,00 | N17: =IF(AND(H17="Jahr",AND(K17="Pauschalwerte mit Urlaubsabgeltung")),"0,00",IF(H17="Stunden",($L17*$I17),((($M17/40)*$G17)*$F17))) -> 0
B18: =ROW()-11 -> 7 | L18: =IF(ISBLANK($K18),"0,00",IF(K18="Pauschalwerte ohne Urlaubsabgeltung",IF($H18="Stunden",VLOOKUP($J18,'Grundlagen VKO alt'!$A$12:$B$17,2),IF($H18="Monat",VLOOKUP($J18,'Grundlagen VKO alt'!$A$20:$B$25,2),IF($H18="Jahr",VLOOKUP($J18,'Grundlagen VKO alt'!$A$28:$B$33,2)))),IF($H18="Stunden",VLOOKUP($J18,'Grundlagen VKO alt'!$A$38:$B$43,2),IF($H18="Monat",VLOOKUP($J18,'Grundlagen VKO alt'!$A$46:$B$51,2),"Auswahl nicht möglich")))) -> 0,00 | M18: =IF(H18="Stunden",$I18*$L18,$L18) -> 0,00 | N18: =IF(AND(H18="Jahr",AND(K18="Pauschalwerte mit Urlaubsabgeltung")),"0,00",IF(H18="Stunden",($L18*$I18),((($M18/40)*$G18)*$F18))) -> 0 | R18: risikobasierte_Kriterien | S18: 2.1.1 Die Angaben im zahlenmäßigen Nachweis sind unvollständig.
B19: =ROW()-11 -> 8 | L19: =IF(ISBLANK($K19),"0,00",IF(K19="Pauschalwerte ohne Urlaubsabgeltung",IF($H19="Stunden",VLOOKUP($J19,'Grundlagen VKO alt'!$A$12:$B$17,2),IF($H19="Monat",VLOOKUP($J19,'Grundlagen VKO alt'!$A$20:$B$25,2),IF($H19="Jahr",VLOOKUP($J19,'Grundlagen VKO alt'!$A$28:$B$33,2)))),IF($H19="Stunden",VLOOKUP($J19,'Grundlagen VKO alt'!$A$38:$B$43,2),IF($H19="Monat",VLOOKUP($J19,'Grundlagen VKO alt'!$A$46:$B$51,2),"Auswahl nicht möglich")))) -> 0,00 | M19: =IF(H19="Stunden",$I19*$L19,$L19) -> 0,00 | N19: =IF(AND(H19="Jahr",AND(K19="Pauschalwerte mit Urlaubsabgeltung")),"0,00",IF(H19="Stunden",($L19*$I19),((($M19/40)*$G19)*$F19))) -> 0 | R19: risikobasierte_Kriterien | S19: 2.1.2 Die Angaben im zahlenmäßigen Nachweis sind nicht plausibel.
B20: =ROW()-11 -> 9 | L20: =IF(ISBLANK($K20),"0,00",IF(K20="Pauschalwerte ohne Urlaubsabgeltung",IF($H20="Stunden",VLOOKUP($J20,'Grundlagen VKO alt'!$A$12:$B$17,2),IF($H20="Monat",VLOOKUP($J20,'Grundlagen VKO alt'!$A$20:$B$25,2),IF($H20="Jahr",VLOOKUP($J20,'Grundlagen VKO alt'!$A$28:$B$33,2)))),IF($H20="Stunden",VLOOKUP($J20,'Grundlagen VKO alt'!$A$38:$B$43,2),IF($H20="Monat",VLOOKUP($J20,'Grundlagen VKO alt'!$A$46:$B$51,2),"Auswahl nicht möglich")))) -> 0,00 | M20: =IF(H20="Stunden",$I20*$L20,$L20) -> 0,00 | N20: =IF(AND(H20="Jahr",AND(K20="Pauschalwerte mit Urlaubsabgeltung")),"0,00",IF(H20="Stunden",($L20*$I20),((($M20/40)*$G20)*$F20))) -> 0 | R20: risikobasierte_Kriterien | S20: 2.1.3 Die Angaben des Zahlungsempfängers / Rechnungslegers wecken Zweifel an der rechtmäßigen Verwendung der Mittel.
B21: =ROW()-11 -> 10 | L21: =IF(ISBLANK($K21),"0,00",IF(K21="Pauschalwerte ohne Urlaubsabgeltung",IF($H21="Stunden",VLOOKUP($J21,'Grundlagen VKO alt'!$A$12:$B$17,2),IF($H21="Monat",VLOOKUP($J21,'Grundlagen VKO alt'!$A$20:$B$25,2),IF($H21="Jahr",VLOOKUP($J21,'Grundlagen VKO alt'!$A$28:$B$33,2)))),IF($H21="Stunden",VLOOKUP($J21,'Grundlagen VKO alt'!$A$38:$B$43,2),IF($H21="Monat",VLOOKUP($J21,'Grundlagen VKO alt'!$A$46:$B$51,2),"Auswahl nicht möglich")))) -> 0,00 | M21: =IF(H21="Stunden",$I21*$L21,$L21) -> 0,00 | N21: =IF(AND(H21="Jahr",AND(K21="Pauschalwerte mit Urlaubsabgeltung")),"0,00",IF(H21="Stunden",($L21*$I21),((($M21/40)*$G21)*$F21))) -> 0 | R21: risikobasierte_Kriterien | S21: 2.1.4 Aus den Angaben des Zuwendungsempfängers im Verwendungszweck des zahlenmäßigen Nachweises ergeben sich Hinweise auf einen unklaren Bezug zum Vorhaben.
B22: =ROW()-11 -> 11 | L22: =IF(ISBLANK($K22),"0,00",IF(K22="Pauschalwerte ohne Urlaubsabgeltung",IF($H22="Stunden",VLOOKUP($J22,'Grundlagen VKO alt'!$A$12:$B$17,2),IF($H22="Monat",VLOOKUP($J22,'Grundlagen VKO alt'!$A$20:$B$25,2),IF($H22="Jahr",VLOOKUP($J22,'Grundlagen VKO alt'!$A$28:$B$33,2)))),IF($H22="Stunden",VLOOKUP($J22,'Grundlagen VKO alt'!$A$38:$B$43,2),IF($H22="Monat",VLOOKUP($J22,'Grundlagen VKO alt'!$A$46:$B$51,2),"Auswahl nicht möglich")))) -> 0,00 | M22: =IF(H22="Stunden",$I22*$L22,$L22) -> 0,00 | N22: =IF(AND(H22="Jahr",AND(K22="Pauschalwerte mit Urlaubsabgeltung")),"0,00",IF(H22="Stunden",($L22*$I22),((($M22/40)*$G22)*$F22))) -> 0 | R22: risikobasierte_Kriterien | S22: 2.1.5 Aus den Angaben des Zuwendungsempfängers im Verwendungszweck des zahlenmäßigen Nachweises ergeben sich Hinweise auf eine Nichtförderfähigkeit der Ausgaben.
B23: =ROW()-11 -> 12 | L23: =IF(ISBLANK($K23),"0,00",IF(K23="Pauschalwerte ohne Urlaubsabgeltung",IF($H23="Stunden",VLOOKUP($J23,'Grundlagen VKO alt'!$A$12:$B$17,2),IF($H23="Monat",VLOOKUP($J23,'Grundlagen VKO alt'!$A$20:$B$25,2),IF($H23="Jahr",VLOOKUP($J23,'Grundlagen VKO alt'!$A$28:$B$33,2)))),IF($H23="Stunden",VLOOKUP($J23,'Grundlagen VKO alt'!$A$38:$B$43,2),IF($H23="Monat",VLOOKUP($J23,'Grundlagen VKO alt'!$A$46:$B$51,2),"Auswahl nicht möglich")))) -> 0,00 | M23: =IF(H23="Stunden",$I23*$L23,$L23) -> 0,00 | N23: =IF(AND(H23="Jahr",AND(K23="Pauschalwerte mit Urlaubsabgeltung")),"0,00",IF(H23="Stunden",($L23*$I23),((($M23/40)*$G23)*$F23))) -> 0 | R23: risikobasierte_Kriterien | S23: 2.1.6 Das Rechnungsdatum liegt im engen zeitlichen Zusammenhang mit dem Vorhabenbeginn (vorzeitiger MB).
B24: =ROW()-11 -> 13 | L24: =IF(ISBLANK($K24),"0,00",IF(K24="Pauschalwerte ohne Urlaubsabgeltung",IF($H24="Stunden",VLOOKUP($J24,'Grundlagen VKO alt'!$A$12:$B$17,2),IF($H24="Monat",VLOOKUP($J24,'Grundlagen VKO alt'!$A$20:$B$25,2),IF($H24="Jahr",VLOOKUP($J24,'Grundlagen VKO alt'!$A$28:$B$33,2)))),IF($H24="Stunden",VLOOKUP($J24,'Grundlagen VKO alt'!$A$38:$B$43,2),IF($H24="Monat",VLOOKUP($J24,'Grundlagen VKO alt'!$A$46:$B$51,2),"Auswahl nicht möglich")))) -> 0,00 | M24: =IF(H24="Stunden",$I24*$L24,$L24) -> 0,00 | N24: =IF(AND(H24="Jahr",AND(K24="Pauschalwerte mit Urlaubsabgeltung")),"0,00",IF(H24="Stunden",($L24*$I24),((($M24/40)*$G24)*$F24))) -> 0 | R24: risikobasierte_Kriterien | S24: 2.1.7 Der Zahlungsbetrag weicht vom Rechnungsbetrag ab.
B25: =ROW()-11 -> 14 | L25: =IF(ISBLANK($K25),"0,00",IF(K25="Pauschalwerte ohne Urlaubsabgeltung",IF($H25="Stunden",VLOOKUP($J25,'Grundlagen VKO alt'!$A$12:$B$17,2),IF($H25="Monat",VLOOKUP($J25,'Grundlagen VKO alt'!$A$20:$B$25,2),IF($H25="Jahr",VLOOKUP($J25,'Grundlagen VKO alt'!$A$28:$B$33,2)))),IF($H25="Stunden",VLOOKUP($J25,'Grundlagen VKO alt'!$A$38:$B$43,2),IF($H25="Monat",VLOOKUP($J25,'Grundlagen VKO alt'!$A$46:$B$51,2),"Auswahl nicht möglich")))) -> 0,00 | M25: =IF(H25="Stunden",$I25*$L25,$L25) -> 0,00 | N25: =IF(AND(H25="Jahr",AND(K25="Pauschalwerte mit Urlaubsabgeltung")),"0,00",IF(H25="Stunden",($L25*$I25),((($M25/40)*$G25)*$F25))) -> 0 | R25: risikobasierte_Kriterien | S25: 2.1.8 Ausgaben-Kostengruppe war nicht Antragsgegenstand, bzw. Gegenstand eines Änderungsantrages
B26: =ROW()-11 -> 15 | L26: =IF(ISBLANK($K26),"0,00",IF(K26="Pauschalwerte ohne Urlaubsabgeltung",IF($H26="Stunden",VLOOKUP($J26,'Grundlagen VKO alt'!$A$12:$B$17,2),IF($H26="Monat",VLOOKUP($J26,'Grundlagen VKO alt'!$A$20:$B$25,2),IF($H26="Jahr",VLOOKUP($J26,'Grundlagen VKO alt'!$A$28:$B$33,2)))),IF($H26="Stunden",VLOOKUP($J26,'Grundlagen VKO alt'!$A$38:$B$43,2),IF($H26="Monat",VLOOKUP($J26,'Grundlagen VKO alt'!$A$46:$B$51,2),"Auswahl nicht möglich")))) -> 0,00 | M26: =IF(H26="Stunden",$I26*$L26,$L26) -> 0,00 | N26: =IF(AND(H26="Jahr",AND(K26="Pauschalwerte mit Urlaubsabgeltung")),"0,00",IF(H26="Stunden",($L26*$I26),((($M26/40)*$G26)*$F26))) -> 0 | R26: risikobasierte_Kriterien | S26: 2.1.9 Finanzierungsbaustein (Mietkauf, Leasing o.ä.) nicht Antragsgegenstand, bzw. Gegenstand eines Änderungsantrages
B27: =ROW()-11 -> 16 | L27: =IF(ISBLANK($K27),"0,00",IF(K27="Pauschalwerte ohne Urlaubsabgeltung",IF($H27="Stunden",VLOOKUP($J27,'Grundlagen VKO alt'!$A$12:$B$17,2),IF($H27="Monat",VLOOKUP($J27,'Grundlagen VKO alt'!$A$20:$B$25,2),IF($H27="Jahr",VLOOKUP($J27,'Grundlagen VKO alt'!$A$28:$B$33,2)))),IF($H27="Stunden",VLOOKUP($J27,'Grundlagen VKO alt'!$A$38:$B$43,2),IF($H27="Monat",VLOOKUP($J27,'Grundlagen VKO alt'!$A$46:$B$51,2),"Auswahl nicht möglich")))) -> 0,00 | M27: =IF(H27="Stunden",$I27*$L27,$L27) -> 0,00 | N27: =IF(AND(H27="Jahr",AND(K27="Pauschalwerte mit Urlaubsabgeltung")),"0,00",IF(H27="Stunden",($L27*$I27),((($M27/40)*$G27)*$F27))) -> 0 | R27: risikobasierte_Kriterien | S27: 2.1.10 Sonstige Auffälligkeiten (Sachausgaben)
B28: =ROW()-11 -> 17 | L28: =IF(ISBLANK($K28),"0,00",IF(K28="Pauschalwerte ohne Urlaubsabgeltung",IF($H28="Stunden",VLOOKUP($J28,'Grundlagen VKO alt'!$A$12:$B$17,2),IF($H28="Monat",VLOOKUP($J28,'Grundlagen VKO alt'!$A$20:$B$25,2),IF($H28="Jahr",VLOOKUP($J28,'Grundlagen VKO alt'!$A$28:$B$33,2)))),IF($H28="Stunden",VLOOKUP($J28,'Grundlagen VKO alt'!$A$38:$B$43,2),IF($H28="Monat",VLOOKUP($J28,'Grundlagen VKO alt'!$A$46:$B$51,2),"Auswahl nicht möglich")))) -> 0,00 | M28: =IF(H28="Stunden",$I28*$L28,$L28) -> 0,00 | N28: =IF(AND(H28="Jahr",AND(K28="Pauschalwerte mit Urlaubsabgeltung")),"0,00",IF(H28="Stunden",($L28*$I28),((($M28/40)*$G28)*$F28))) -> 0 | R28: risikobasierte_Kriterien | S28: 2.2.1 Die Angaben im zahlenmäßigen Nachweis sind unvollständig.
B29: =ROW()-11 -> 18 | L29: =IF(ISBLANK($K29),"0,00",IF(K29="Pauschalwerte ohne Urlaubsabgeltung",IF($H29="Stunden",VLOOKUP($J29,'Grundlagen VKO alt'!$A$12:$B$17,2),IF($H29="Monat",VLOOKUP($J29,'Grundlagen VKO alt'!$A$20:$B$25,2),IF($H29="Jahr",VLOOKUP($J29,'Grundlagen VKO alt'!$A$28:$B$33,2)))),IF($H29="Stunden",VLOOKUP($J29,'Grundlagen VKO alt'!$A$38:$B$43,2),IF($H29="Monat",VLOOKUP($J29,'Grundlagen VKO alt'!$A$46:$B$51,2),"Auswahl nicht möglich")))) -> 0,00 | M29: =IF(H29="Stunden",$I29*$L29,$L29) -> 0,00 | N29: =IF(AND(H29="Jahr",AND(K29="Pauschalwerte mit Urlaubsabgeltung")),"0,00",IF(H29="Stunden",($L29*$I29),((($M29/40)*$G29)*$F29))) -> 0 | R29: risikobasierte_Kriterien | S29: 2.2.2 Die Angaben im zahlenmäßigen Nachweis sind nicht plausibel.
... B32: =ROW()-11 -> 21 | L32: =IF(ISBLANK($K32),"0,00",IF(K32="Pauschalwerte ohne Urlaubsabgeltung",IF($H32="Stunden",VLOOKUP($J32,'Grundlagen VKO alt'!$A$12:$B$17,2),IF($H32="Monat",VLOOKUP($J32,'Grundlagen VKO alt'!$A$20:$B$25,2),IF($H32="Jahr",VLOOKUP($J32,'Grundlagen VKO alt'!$A$28:$B$33,2)))),IF($H32="Stunden",VLOOKUP($J32,'Grundlagen VKO alt'!$A$38:$B$43,2),IF($H32="Monat",VLOOKUP($J32,'Grundlagen VKO alt'!$A$46:$B$51,2),"Auswahl nicht möglich")))) -> 0,00 | M32: =IF(H32="Stunden",$I32*$L32,$L32) -> 0,00 | N32: =IF(AND(H32="Jahr",AND(K32="Pauschalwerte mit Urlaubsabgeltung")),"0,00",IF(H32="Stunden",($L32*$I32),((($M32/40)*$G32)*$F32))) -> 0 | R32: risikobasierte_Kriterien | S32: 2.2.5 Sonstige Auffälligkeiten
B33: =ROW()-11 -> 22 | L33: =IF(ISBLANK($K33),"0,00",IF(K33="Pauschalwerte ohne Urlaubsabgeltung",IF($H33="Stunden",VLOOKUP($J33,'Grundlagen VKO alt'!$A$12:$B$17,2),IF($H33="Monat",VLOOKUP($J33,'Grundlagen VKO alt'!$A$20:$B$25,2),IF($H33="Jahr",VLOOKUP($J33,'Grundlagen VKO alt'!$A$28:$B$33,2)))),IF($H33="Stunden",VLOOKUP($J33,'Grundlagen VKO alt'!$A$38:$B$43,2),IF($H33="Monat",VLOOKUP($J33,'Grundlagen VKO alt'!$A$46:$B$51,2),"Auswahl nicht möglich")))) -> 0,00 | M33: =IF(H33="Stunden",$I33*$L33,$L33) -> 0,00 | N33: =IF(AND(H33="Jahr",AND(K33="Pauschalwerte mit Urlaubsabgeltung")),"0,00",IF(H33="Stunden",($L33*$I33),((($M33/40)*$G33)*$F33))) -> 0
B34: =ROW()-11 -> 23 | L34: =IF(ISBLANK($K34),"0,00",IF(K34="Pauschalwerte ohne Urlaubsabgeltung",IF($H34="Stunden",VLOOKUP($J34,'Grundlagen VKO alt'!$A$12:$B$17,2),IF($H34="Monat",VLOOKUP($J34,'Grundlagen VKO alt'!$A$20:$B$25,2),IF($H34="Jahr",VLOOKUP($J34,'Grundlagen VKO alt'!$A$28:$B$33,2)))),IF($H34="Stunden",VLOOKUP($J34,'Grundlagen VKO alt'!$A$38:$B$43,2),IF($H34="Monat",VLOOKUP($J34,'Grundlagen VKO alt'!$A$46:$B$51,2),"Auswahl nicht möglich")))) -> 0,00 | M34: =IF(H34="Stunden",$I34*$L34,$L34) -> 0,00 | N34: =IF(AND(H34="Jahr",AND(K34="Pauschalwerte mit Urlaubsabgeltung")),"0,00",IF(H34="Stunden",($L34*$I34),((($M34/40)*$G34)*$F34))) -> 0 | R34: risikobehaftete_Ausgabenkategorien | S34: Test 1
B35: =ROW()-11 -> 24 | L35: =IF(ISBLANK($K35),"0,00",IF(K35="Pauschalwerte ohne Urlaubsabgeltung",IF($H35="Stunden",VLOOKUP($J35,'Grundlagen VKO alt'!$A$12:$B$17,2),IF($H35="Monat",VLOOKUP($J35,'Grundlagen VKO alt'!$A$20:$B$25,2),IF($H35="Jahr",VLOOKUP($J35,'Grundlagen VKO alt'!$A$28:$B$33,2)))),IF($H35="Stunden",VLOOKUP($J35,'Grundlagen VKO alt'!$A$38:$B$43,2),IF($H35="Monat",VLOOKUP($J35,'Grundlagen VKO alt'!$A$46:$B$51,2),"Auswahl nicht möglich")))) -> 0,00 | M35: =IF(H35="Stunden",$I35*$L35,$L35) -> 0,00 | N35: =IF(AND(H35="Jahr",AND(K35="Pauschalwerte mit Urlaubsabgeltung")),"0,00",IF(H35="Stunden",($L35*$I35),((($M35/40)*$G35)*$F35))) -> 0 | R35: risikobehaftete_Ausgabenkategorien | S35: Test 2
B36: =ROW()-11 -> 25 | L36: =IF(ISBLANK($K36),"0,00",IF(K36="Pauschalwerte ohne Urlaubsabgeltung",IF($H36="Stunden",VLOOKUP($J36,'Grundlagen VKO alt'!$A$12:$B$17,2),IF($H36="Monat",VLOOKUP($J36,'Grundlagen VKO alt'!$A$20:$B$25,2),IF($H36="Jahr",VLOOKUP($J36,'Grundlagen VKO alt'!$A$28:$B$33,2)))),IF($H36="Stunden",VLOOKUP($J36,'Grundlagen VKO alt'!$A$38:$B$43,2),IF($H36="Monat",VLOOKUP($J36,'Grundlagen VKO alt'!$A$46:$B$51,2),"Auswahl nicht möglich")))) -> 0,00 | M36: =IF(H36="Stunden",$I36*$L36,$L36) -> 0,00 | N36: =IF(AND(H36="Jahr",AND(K36="Pauschalwerte mit Urlaubsabgeltung")),"0,00",IF(H36="Stunden",($L36*$I36),((($M36/40)*$G36)*$F36))) -> 0
B37: =ROW()-11 -> 26 | L37: =IF(ISBLANK($K37),"0,00",IF(K37="Pauschalwerte ohne Urlaubsabgeltung",IF($H37="Stunden",VLOOKUP($J37,'Grundlagen VKO alt'!$A$12:$B$17,2),IF($H37="Monat",VLOOKUP($J37,'Grundlagen VKO alt'!$A$20:$B$25,2),IF($H37="Jahr",VLOOKUP($J37,'Grundlagen VKO alt'!$A$28:$B$33,2)))),IF($H37="Stunden",VLOOKUP($J37,'Grundlagen VKO alt'!$A$38:$B$43,2),IF($H37="Monat",VLOOKUP($J37,'Grundlagen VKO alt'!$A$46:$B$51,2),"Auswahl nicht möglich")))) -> 0,00 | M37: =IF(H37="Stunden",$I37*$L37,$L37) -> 0,00 | N37: =IF(AND(H37="Jahr",AND(K37="Pauschalwerte mit Urlaubsabgeltung")),"0,00",IF(H37="Stunden",($L37*$I37),((($M37/40)*$G37)*$F37))) -> 0 | R37: zahlenbasierte_Kriterien | S37: 3.1 Auswahl wertmäßig größte Position aus jeder Ausgaben- bzw. Kostengruppe
B38: =ROW()-11 -> 27 | L38: =IF(ISBLANK($K38),"0,00",IF(K38="Pauschalwerte ohne Urlaubsabgeltung",IF($H38="Stunden",VLOOKUP($J38,'Grundlagen VKO alt'!$A$12:$B$17,2),IF($H38="Monat",VLOOKUP($J38,'Grundlagen VKO alt'!$A$20:$B$25,2),IF($H38="Jahr",VLOOKUP($J38,'Grundlagen VKO alt'!$A$28:$B$33,2)))),IF($H38="Stunden",VLOOKUP($J38,'Grundlagen VKO alt'!$A$38:$B$43,2),IF($H38="Monat",VLOOKUP($J38,'Grundlagen VKO alt'!$A$46:$B$51,2),"Auswahl nicht möglich")))) -> 0,00 | M38: =IF(H38="Stunden",$I38*$L38,$L38) -> 0,00 | N38: =IF(AND(H38="Jahr",AND(K38="Pauschalwerte mit Urlaubsabgeltung")),"0,00",IF(H38="Stunden",($L38*$I38),((($M38/40)*$G38)*$F38))) -> 0 | R38: zahlenbasierte_Kriterien | S38: 3.2 Auswahl wertmäßig zweitgrößte Position aus jeder Ausgaben- bzw. Kostengruppe.
B39: =ROW()-11 -> 28 | L39: =IF(ISBLANK($K39),"0,00",IF(K39="Pauschalwerte ohne Urlaubsabgeltung",IF($H39="Stunden",VLOOKUP($J39,'Grundlagen VKO alt'!$A$12:$B$17,2),IF($H39="Monat",VLOOKUP($J39,'Grundlagen VKO alt'!$A$20:$B$25,2),IF($H39="Jahr",VLOOKUP($J39,'Grundlagen VKO alt'!$A$28:$B$33,2)))),IF($H39="Stunden",VLOOKUP($J39,'Grundlagen VKO alt'!$A$38:$B$43,2),IF($H39="Monat",VLOOKUP($J39,'Grundlagen VKO alt'!$A$46:$B$51,2),"Auswahl nicht möglich")))) -> 0,00 | M39: =IF(H39="Stunden",$I39*$L39,$L39) -> 0,00 | N39: =IF(AND(H39="Jahr",AND(K39="Pauschalwerte mit Urlaubsabgeltung")),"0,00",IF(H39="Stunden",($L39*$I39),((($M39/40)*$G39)*$F39))) -> 0 | R39: zahlenbasierte_Kriterien | S39: 3.3 Auswahl wertmäßig drittgrößte Position aus jeder Ausgaben- bzw. Kostengruppe.
B40: =ROW()-11 -> 29 | L40: =IF(ISBLANK($K40),"0,00",IF(K40="Pauschalwerte ohne Urlaubsabgeltung",IF($H40="Stunden",VLOOKUP($J40,'Grundlagen VKO alt'!$A$12:$B$17,2),IF($H40="Monat",VLOOKUP($J40,'Grundlagen VKO alt'!$A$20:$B$25,2),IF($H40="Jahr",VLOOKUP($J40,'Grundlagen VKO alt'!$A$28:$B$33,2)))),IF($H40="Stunden",VLOOKUP($J40,'Grundlagen VKO alt'!$A$38:$B$43,2),IF($H40="Monat",VLOOKUP($J40,'Grundlagen VKO alt'!$A$46:$B$51,2),"Auswahl nicht möglich")))) -> 0,00 | M40: =IF(H40="Stunden",$I40*$L40,$L40) -> 0,00 | N40: =IF(AND(H40="Jahr",AND(K40="Pauschalwerte mit Urlaubsabgeltung")),"0,00",IF(H40="Stunden",($L40*$I40),((($M40/40)*$G40)*$F40))) -> 0 | R40: zahlenbasierte_Kriterien | S40: 3.4 Auswahl wertmäßig nächstgrößte Position ab der viertgrößten aus jeder Ausgaben bzw. Kostenkategorie
B41: =ROW()-11 -> 30 | L41: =IF(ISBLANK($K41),"0,00",IF(K41="Pauschalwerte ohne Urlaubsabgeltung",IF($H41="Stunden",VLOOKUP($J41,'Grundlagen VKO alt'!$A$12:$B$17,2),IF($H41="Monat",VLOOKUP($J41,'Grundlagen VKO alt'!$A$20:$B$25,2),IF($H41="Jahr",VLOOKUP($J41,'Grundlagen VKO alt'!$A$28:$B$33,2)))),IF($H41="Stunden",VLOOKUP($J41,'Grundlagen VKO alt'!$A$38:$B$43,2),IF($H41="Monat",VLOOKUP($J41,'Grundlagen VKO alt'!$A$46:$B$51,2),"Auswahl nicht möglich")))) -> 0,00 | M41: =IF(H41="Stunden",$I41*$L41,$L41) -> 0,00 | N41: =IF(AND(H41="Jahr",AND(K41="Pauschalwerte mit Urlaubsabgeltung")),"0,00",IF(H41="Stunden",($L41*$I41),((($M41/40)*$G41)*$F41))) -> 0
B42: =ROW()-11 -> 31 | L42: =IF(ISBLANK($K42),"0,00",IF(K42="Pauschalwerte ohne Urlaubsabgeltung",IF($H42="Stunden",VLOOKUP($J42,'Grundlagen VKO alt'!$A$12:$B$17,2),IF($H42="Monat",VLOOKUP($J42,'Grundlagen VKO alt'!$A$20:$B$25,2),IF($H42="Jahr",VLOOKUP($J42,'Grundlagen VKO alt'!$A$28:$B$33,2)))),IF($H42="Stunden",VLOOKUP($J42,'Grundlagen VKO alt'!$A$38:$B$43,2),IF($H42="Monat",VLOOKUP($J42,'Grundlagen VKO alt'!$A$46:$B$51,2),"Auswahl nicht möglich")))) -> 0,00 | M42: =IF(H42="Stunden",$I42*$L42,$L42) -> 0,00 | N42: =IF(AND(H42="Jahr",AND(K42="Pauschalwerte mit Urlaubsabgeltung")),"0,00",IF(H42="Stunden",($L42*$I42),((($M42/40)*$G42)*$F42))) -> 0 | R42: Ausweitung_Stichprobe
L43: SUMME | M43: =SUM(M12:M42) -> 0 | N43: =SUM(N12:N42) -> 0 | O43: =SUM(O12:O42) -> 0

Sheet Personal direkte Ausgaben
B3: ="zahlenmäßiger Nachweis - Anlage zum Auszahlungsantrag" & " " & 'Gesamtübersicht je AZ'!$C$3 -> zahlenmäßiger Nachweis - Anlage zum Auszahlungsantrag
N5: Bitte die grau hinterlegten Felder befüllen!
B6: Zuwendungs-/Zuweisungsempfänger | E6: ='Gesamtübersicht je AZ'!#REF! -> #REF!
B7: Vorhaben | E7: ='Gesamtübersicht je AZ'!$B$8 -> 0
B8: Vorgangsnummer laut Zuwendungsbescheid/ Zuweisungsschreiben | E8: ='Gesamtübersicht je AZ'!$B$9 -> 0
A10: lfd. Nr. AZ | B10: lfd. Nr. | C10: Name des Mitarbeiters | D10: Vorname des Mitarbeiters | E10: Art der Zahlung bzw. Gehaltsbestandteil * | F10: Abrechnungszeitraum MM/JJJJ | G10: Anteil im Vorhaben in % | H10: förderfähige Stunden, die ausschließlich für das Vorhaben getätigt wurden lt. Stundennachweis | I10: Betrag ** | J10: Zahlungsdatum | K10: förderfähige Ausgaben lt. Kunde | L10: förderfähige Ausgaben lt. IB | M10: Kürzungsgründe | N10: Bearbeitungshinweise IB | O10: Prüfkriterium | P10: Risikoprüffeld | Q10: Kategorisierung Fehler
I11: (in Euro) | K11: (in Euro) | L11: (in Euro)
A12: Spalte1 | B12: Spalte2 | C12: Spalte3 | D12: Spalte4 | E12: Spalte5 | F12: Spalte6 | G12: Spalte7 | H12: Spalte8 | I12: Spalte9 | J12: Spalte10 | K12: Spalte11 | L12: Spalte12 | M12: Spalte112 | N12: Spalte13 | O12: Spalte14 | P12: Spalte15 | Q12: Spalte16
B13: =ROW()-12 -> 1 | K13: =I13 -> 0 | O13: Belegprüfung_erfolgt | P13: 0.1 Belegprüfung zu 100% erfolgt, da Bearbeitung vor dem 01.02.2025
B14: =ROW()-12 -> 2 | K14: =I14 -> 0 | O14: Belegprüfung_erfolgt | P14: 0.2 Prüfbescheinigung
B15: =ROW()-12 -> 3 | K15: =I15 -> 0
B16: =ROW()-12 -> 4 | K16: =I16 -> 0 | O16: Vergabetiefenprüfung | P16: 1.1 Das entsprechende Los befindet sich derzeit in Vergabetiefenprüfung
B17: =ROW()-12 -> 5 | K17: =I17 -> 0 | O17: Vergabetiefenprüfung | P17: 1.2 Vergabetiefenprüfung ist erfolgt
B18: =ROW()-12 -> 6 | K18: =I18 -> 0
B19: =ROW()-12 -> 7 | K19: =I19 -> 0 | O19: risikobasierte_Kriterien | P19: 2.1.1 Die Angaben im zahlenmäßigen Nachweis sind unvollständig.
B20: =ROW()-12 -> 8 | K20: =I20 -> 0 | O20: risikobasierte_Kriterien | P20: 2.1.2 Die Angaben im zahlenmäßigen Nachweis sind nicht plausibel.
B21: =ROW()-12 -> 9 | K21: =I21 -> 0 | O21: risikobasierte_Kriterien | P21: 2.1.3 Die Angaben des Zahlungsempfängers / Rechnungslegers wecken Zweifel an der rechtmäßigen Verwendung der Mittel.
B22: =ROW()-12 -> 10 | K22: =I22 -> 0 | O22: risikobasierte_Kriterien | P22: 2.1.4 Aus den Angaben des Zuwendungsempfängers im Verwendungszweck des zahlenmäßigen Nachweises ergeben sich Hinweise auf einen unklaren Bezug zum Vorhaben.
B23: =ROW()-12 -> 11 | K23: =I23 -> 0 | O23: risikobasierte_Kriterien | P23: 2.1.5 Aus den Angaben des Zuwendungsempfängers im Verwendungszweck des zahlenmäßigen Nachweises ergeben sich Hinweise auf eine Nichtförderfähigkeit der Ausgaben.
B24: =ROW()-12 -> 12 | K24: =I24 -> 0 | O24: risikobasierte_Kriterien | P24: 2.1.6 Das Rechnungsdatum liegt im engen zeitlichen Zusammenhang mit dem Vorhabenbeginn (vorzeitiger MB).
B25: =ROW()-12 -> 13 | K25: =I25 -> 0 | O25: risikobasierte_Kriterien | P25: 2.1.7 Der Zahlungsbetrag weicht vom Rechnungsbetrag ab.
B26: =ROW()-12 -> 14 | K26: =I26 -> 0 | O26: risikobasierte_Kriterien | P26: 2.1.8 Ausgaben-Kostengruppe war nicht Antragsgegenstand, bzw. Gegenstand eines Änderungsantrages
B27: =ROW()-12 -> 15 | K27: =I27 -> 0 | O27: risikobasierte_Kriterien | P27: 2.1.9 Finanzierungsbaustein (Mietkauf, Leasing o.ä.) nicht Antragsgegenstand, bzw. Gegenstand eines Änderungsantrages
B28: =ROW()-12 -> 16 | K28: =I28 -> 0 | O28: risikobasierte_Kriterien | P28: 2.1.10 Sonstige Auffälligkeiten (Sachausgaben)
B29: =ROW()-12 -> 17 | K29: =I29 -> 0 | O29: risikobasierte_Kriterien | P29: 2.2.1 Die Angaben im zahlenmäßigen Nachweis sind unvollständig.
B30: =ROW()-12 -> 18 | K30: =I30 -> 0 | O30: risikobasierte_Kriterien | P30: 2.2.2 Die Angaben im zahlenmäßigen Nachweis sind nicht plausibel.
... B33: =ROW()-12 -> 21 | K33: =I33 -> 0 | O33: risikobasierte_Kriterien | P33: 2.2.5 Sonstige Auffälligkeiten
B34: =ROW()-12 -> 22 | K34: =I34 -> 0
B35: =ROW()-12 -> 23 | K35: =I35 -> 0 | O35: risikobehaftete_Ausgabenkategorien | P35: Test 1
B36: =ROW()-12 -> 24 | K36: =I36 -> 0 | O36: risikobehaftete_Ausgabenkategorien | P36: Test 2
B37: =ROW()-12 -> 25 | K37: =I37 -> 0
B38: =ROW()-12 -> 26 | K38: =I38 -> 0 | O38: zahlenbasierte_Kriterien | P38: 3.1 Auswahl wertmäßig größte Position aus jeder Ausgaben- bzw. Kostengruppe
B39: =ROW()-12 -> 27 | K39: =I39 -> 0 | O39: zahlenbasierte_Kriterien | P39: 3.2 Auswahl wertmäßig zweitgrößte Position aus jeder Ausgaben- bzw. Kostengruppe.
B40: =ROW()-12 -> 28 | K40: =I40 -> 0 | O40: zahlenbasierte_Kriterien | P40: 3.3 Auswahl wertmäßig drittgrößte Position aus jeder Ausgaben- bzw. Kostengruppe.
B41: =ROW()-12 -> 29 | K41: =I41 -> 0 | O41: zahlenbasierte_Kriterien | P41: 3.4 Auswahl wertmäßig nächstgrößte Position ab der viertgrößten aus jeder Ausgaben bzw. Kostenkategorie
B42: =ROW()-12 -> 30 | K42: =I42 -> 0
B43: =ROW()-12 -> 31 | K43: =I43 -> 0 | O43: Ausweitung_Stichprobe
H44: SUMME | I44: =SUM(I13:I43) -> 0 | K44: =SUM(K13:K43) -> 0 | L44: =SUM(L13:L43) -> 0
B46: * Anzugeben ist das reguläre Monatsgehalt. Einmal-/Sonderzahlungen sind in einer separaten Zeile aufzuführen.
B47: ** Anzugeben ist der Betrag, für den eine Förderung beansprucht wird. Förderfähig sind nur Ausgaben für Leistungen, die tatsächlich im Rahmen des Vorhabens angefallen sind. Nicht förderfähig sind insbesondere Ausgaben, die lt. Zuweisungsschreiben / Zuwendungsbescheid / Förderrichtlinie/ Fördergrundsätze ausgeschlossen sind und/oder Personal finanziell besser stellen als vergleichbare Landesbedienstete. Zu berücksichtigen sind auch evt. Erstattungen durch die Krankenkassen.

Sheet Unternehmerlohn
B3: ="zahlenmäßiger Nachweis - Anlage zum Auszahlungsantrag" & " " & 'Gesamtübersicht je AZ'!$C$3 -> zahlenmäßiger Nachweis - Anlage zum Auszahlungsantrag
B5: Zuwendungsempfänger | F5: ='Gesamtübersicht je AZ'!#REF! -> #REF! | X5: Bitte die grau hinterlegten Felder befüllen!
B6: Vorhaben | F6: ='Gesamtübersicht je AZ'!$B$8 -> 0
B7: Vorgangsnummer laut Zuwendungsbescheid | F7: ='Gesamtübersicht je AZ'!$B$9 -> 0
A10: lfd. Nr. AZ | B10: lfd. Nr. | C10: Ausgabe bitte einem Netzwerkpartner zuordnen | D10: Name des Unternehmers/ Vorstands | E10: Vorname des Unternehmers/ Vorstands | F10: Abrechnungszeitraum | G10: geplante Art der Abrechnung | H10: Anteil im Projekt in % (Angaben nur vornehmen, wenn Unternehmer/ Vorstand prozentual anteilig im Projekt beschäftigt, bei Planung mit Projektstunden bitte Spalte H nutzen) | I10: abgerechnete Gesamtstunden* (nur auszufüllen, wenn Spalte F mit Stunden abgerechnet wird) | J10: Qualitäts- stufe | K10: Pauschalwert | L10: pausch. KV-Anteil | M10: pausch. PV-Anteil | N10: pausch. RV-Anteil | O10: pausch. AV-Anteil | P10: pausch. KV-Anteil | Q10: pausch. PV-Anteil | R10: pausch. RV-Anteil | S10: pausch. AV-Anteil | T10: abgerechnete Ausgaben je Abrechnungs-art | U10: abgerechnete Ausgaben | V10: förderfähige Ausgaben lt. IB | W10: Kürzungsgründe | X10: Bearbeitungshinweise IB | Y10: Prüfkriterium | Z10: Risikoprüffeld | AA10: Kategorisierung Fehler
K11: (in Euro) | L11: Liegen SV-Nachweise vor? | P11: Liegen SV-Nachweise vor? | T11: (in Euro) | U11: (in Euro) | V11: (in Euro)
L12: Bitte wählen Sie Ja/ Nein
A13: Spalte0 | B13: Spalte1 | C13: Spalte16 | D13: Spalte2 | E13: Spalte3 | F13: Spalte4 | G13: Spalte6 | H13: Spalte62 | I13: Spalte7 | J13: Spalte9 | K13: Spalte10 | L13: Spalte102 | M13: Spalte1023 | N13: Spalte1022 | O13: Spalte103 | P13: Spalte11 | Q13: Spalte12 | R13: Spalte13 | S13: Spalte14 | T13: Spalte15 | U13: Spalte17 | V13: Spalte18 | W13: Spalte112 | X13: Spalte20 | Y13: Spalte5 | Z13: Spalte8
B14: =ROW()-13 -> 1 | K14: =IF(ISBLANK($J14),"0,00",IF($G14="Stunden",VLOOKUP($J14,'Grundlage UN-Lohn'!$M$9:$R$13,2),IF($G14="Monat",VLOOKUP($J14,'Grundlage UN-Lohn'!$M$2:$R$6,2),"0,00"))) -> 0,00 | P14: =IF(ISBLANK($J14),"0,00",IF(AND($G14="Stunden",$L14="Ja"),VLOOKUP($J14,'Grundlage UN-Lohn'!$M$9:$R$13,3),IF(AND($G14="Monat",$L14="Ja"),VLOOKUP($J14,'Grundlage UN-Lohn'!$M$2:$R$6,3),"0,00"))) -> 0,00 | Q14: =IF(ISBLANK($J14),"0,00",IF(AND($G14="Stunden",$M14="Ja"),VLOOKUP($J14,'Grundlage UN-Lohn'!$M$9:$R$13,4),IF(AND($G14="Monat",$M14="Ja"),VLOOKUP($J14,'Grundlage UN-Lohn'!$M$2:$R$6,4),"0,00"))) -> 0,00 | R14: =IF(ISBLANK($J14),"0,00",IF(AND($G14="Stunden",$N14="Ja"),VLOOKUP($J14,'Grundlage UN-Lohn'!$M$9:$R$13,5),IF(AND($G14="Monat",$N14="Ja"),VLOOKUP($J14,'Grundlage UN-Lohn'!$M$2:$R$6,5),"0,00"))) -> 0,00 | S14: =IF(ISBLANK($J14),"0,00",IF(AND($G14="Stunden",$O14="Ja"),VLOOKUP($J14,'Grundlage UN-Lohn'!$M$9:$R$13,6),IF(AND($G14="Monat",$O14="Ja"),VLOOKUP($J14,'Grundlage UN-Lohn'!$M$2:$R$6,6),"0,00"))) -> 0,00 | T14: =IF(AND(L14="Nein",M14="Nein",N14="Nein",O14="Nein"),K14,ROUND(K14+(SUM(P14:S14)),0)) -> 0 | U14: =IF(G14=0,0,IF(G14="Stunden",T14*I14,IF(G14="Monat",T14*H14))) -> 0 | Y14: Belegprüfung_erfolgt | Z14: 0.1 Belegprüfung zu 100% erfolgt, da Bearbeitung vor dem 01.02.2025
B15: =ROW()-13 -> 2 | K15: =IF(ISBLANK($J15),"0,00",IF($G15="Stunden",VLOOKUP($J15,'Grundlage UN-Lohn'!$M$9:$R$13,2),IF($G15="Monat",VLOOKUP($J15,'Grundlage UN-Lohn'!$M$2:$R$6,2),"0,00"))) -> 0,00 | P15: =IF(ISBLANK($J15),"0,00",IF(AND($G15="Stunden",$L15="Ja"),VLOOKUP($J15,'Grundlage UN-Lohn'!$M$9:$R$13,3),IF(AND($G15="Monat",$L15="Ja"),VLOOKUP($J15,'Grundlage UN-Lohn'!$M$2:$R$6,3),"0,00"))) -> 0,00 | Q15: =IF(ISBLANK($J15),"0,00",IF(AND($G15="Stunden",$M15="Ja"),VLOOKUP($J15,'Grundlage UN-Lohn'!$M$9:$R$13,4),IF(AND($G15="Monat",$M15="Ja"),VLOOKUP($J15,'Grundlage UN-Lohn'!$M$2:$R$6,4),"0,00"))) -> 0,00 | R15: =IF(ISBLANK($J15),"0,00",IF(AND($G15="Stunden",$N15="Ja"),VLOOKUP($J15,'Grundlage UN-Lohn'!$M$9:$R$13,5),IF(AND($G15="Monat",$N15="Ja"),VLOOKUP($J15,'Grundlage UN-Lohn'!$M$2:$R$6,5),"0,00"))) -> 0,00 | S15: =IF(ISBLANK($J15),"0,00",IF(AND($G15="Stunden",$O15="Ja"),VLOOKUP($J15,'Grundlage UN-Lohn'!$M$9:$R$13,6),IF(AND($G15="Monat",$O15="Ja"),VLOOKUP($J15,'Grundlage UN-Lohn'!$M$2:$R$6,6),"0,00"))) -> 0,00 | T15: =IF(AND(L15="Nein",M15="Nein",N15="Nein",O15="Nein"),K15,ROUND(K15+(SUM(P15:S15)),0)) -> 0 | U15: =IF(G15=0,0,IF(G15="Stunden",T15*I15,IF(G15="Monat",T15*H15))) -> 0 | Y15: Belegprüfung_erfolgt | Z15: 0.2 Prüfbescheinigung
B16: =ROW()-13 -> 3 | K16: =IF(ISBLANK($J16),"0,00",IF($G16="Stunden",VLOOKUP($J16,'Grundlage UN-Lohn'!$M$9:$R$13,2),IF($G16="Monat",VLOOKUP($J16,'Grundlage UN-Lohn'!$M$2:$R$6,2),"0,00"))) -> 0,00 | P16: =IF(ISBLANK($J16),"0,00",IF(AND($G16="Stunden",$L16="Ja"),VLOOKUP($J16,'Grundlage UN-Lohn'!$M$9:$R$13,3),IF(AND($G16="Monat",$L16="Ja"),VLOOKUP($J16,'Grundlage UN-Lohn'!$M$2:$R$6,3),"0,00"))) -> 0,00 | Q16: =IF(ISBLANK($J16),"0,00",IF(AND($G16="Stunden",$M16="Ja"),VLOOKUP($J16,'Grundlage UN-Lohn'!$M$9:$R$13,4),IF(AND($G16="Monat",$M16="Ja"),VLOOKUP($J16,'Grundlage UN-Lohn'!$M$2:$R$6,4),"0,00"))) -> 0,00 | R16: =IF(ISBLANK($J16),"0,00",IF(AND($G16="Stunden",$N16="Ja"),VLOOKUP($J16,'Grundlage UN-Lohn'!$M$9:$R$13,5),IF(AND($G16="Monat",$N16="Ja"),VLOOKUP($J16,'Grundlage UN-Lohn'!$M$2:$R$6,5),"0,00"))) -> 0,00 | S16: =IF(ISBLANK($J16),"0,00",IF(AND($G16="Stunden",$O16="Ja"),VLOOKUP($J16,'Grundlage UN-Lohn'!$M$9:$R$13,6),IF(AND($G16="Monat",$O16="Ja"),VLOOKUP($J16,'Grundlage UN-Lohn'!$M$2:$R$6,6),"0,00"))) -> 0,00 | T16: =IF(AND(L16="Nein",M16="Nein",N16="Nein",O16="Nein"),K16,ROUND(K16+(SUM(P16:S16)),0)) -> 0 | U16: =IF(G16=0,0,IF(G16="Stunden",T16*I16,IF(G16="Monat",T16*H16))) -> 0
B17: =ROW()-13 -> 4 | K17: =IF(ISBLANK($J17),"0,00",IF($G17="Stunden",VLOOKUP($J17,'Grundlage UN-Lohn'!$M$9:$R$13,2),IF($G17="Monat",VLOOKUP($J17,'Grundlage UN-Lohn'!$M$2:$R$6,2),"0,00"))) -> 0,00 | P17: =IF(ISBLANK($J17),"0,00",IF(AND($G17="Stunden",$L17="Ja"),VLOOKUP($J17,'Grundlage UN-Lohn'!$M$9:$R$13,3),IF(AND($G17="Monat",$L17="Ja"),VLOOKUP($J17,'Grundlage UN-Lohn'!$M$2:$R$6,3),"0,00"))) -> 0,00 | Q17: =IF(ISBLANK($J17),"0,00",IF(AND($G17="Stunden",$M17="Ja"),VLOOKUP($J17,'Grundlage UN-Lohn'!$M$9:$R$13,4),IF(AND($G17="Monat",$M17="Ja"),VLOOKUP($J17,'Grundlage UN-Lohn'!$M$2:$R$6,4),"0,00"))) -> 0,00 | R17: =IF(ISBLANK($J17),"0,00",IF(AND($G17="Stunden",$N17="Ja"),VLOOKUP($J17,'Grundlage UN-Lohn'!$M$9:$R$13,5),IF(AND($G17="Monat",$N17="Ja"),VLOOKUP($J17,'Grundlage UN-Lohn'!$M$2:$R$6,5),"0,00"))) -> 0,00 | S17: =IF(ISBLANK($J17),"0,00",IF(AND($G17="Stunden",$O17="Ja"),VLOOKUP($J17,'Grundlage UN-Lohn'!$M$9:$R$13,6),IF(AND($G17="Monat",$O17="Ja"),VLOOKUP($J17,'Grundlage UN-Lohn'!$M$2:$R$6,6),"0,00"))) -> 0,00 | T17: =IF(AND(L17="Nein",M17="Nein",N17="Nein",O17="Nein"),K17,ROUND(K17+(SUM(P17:S17)),0)) -> 0 | U17: =IF(G17=0,0,IF(G17="Stunden",T17*I17,IF(G17="Monat",T17*H17))) -> 0 | Y17: Vergabetiefenprüfung | Z17: 1.1 Das entsprechende Los befindet sich derzeit in Vergabetiefenprüfung
B18: =ROW()-13 -> 5 | K18: =IF(ISBLANK($J18),"0,00",IF($G18="Stunden",VLOOKUP($J18,'Grundlage UN-Lohn'!$M$9:$R$13,2),IF($G18="Monat",VLOOKUP($J18,'Grundlage UN-Lohn'!$M$2:$R$6,2),"0,00"))) -> 0,00 | P18: =IF(ISBLANK($J18),"0,00",IF(AND($G18="Stunden",$L18="Ja"),VLOOKUP($J18,'Grundlage UN-Lohn'!$M$9:$R$13,3),IF(AND($G18="Monat",$L18="Ja"),VLOOKUP($J18,'Grundlage UN-Lohn'!$M$2:$R$6,3),"0,00"))) -> 0,00 | Q18: =IF(ISBLANK($J18),"0,00",IF(AND($G18="Stunden",$M18="Ja"),VLOOKUP($J18,'Grundlage UN-Lohn'!$M$9:$R$13,4),IF(AND($G18="Monat",$M18="Ja"),VLOOKUP($J18,'Grundlage UN-Lohn'!$M$2:$R$6,4),"0,00"))) -> 0,00 | R18: =IF(ISBLANK($J18),"0,00",IF(AND($G18="Stunden",$N18="Ja"),VLOOKUP($J18,'Grundlage UN-Lohn'!$M$9:$R$13,5),IF(AND($G18="Monat",$N18="Ja"),VLOOKUP($J18,'Grundlage UN-Lohn'!$M$2:$R$6,5),"0,00"))) -> 0,00 | S18: =IF(ISBLANK($J18),"0,00",IF(AND($G18="Stunden",$O18="Ja"),VLOOKUP($J18,'Grundlage UN-Lohn'!$M$9:$R$13,6),IF(AND($G18="Monat",$O18="Ja"),VLOOKUP($J18,'Grundlage UN-Lohn'!$M$2:$R$6,6),"0,00"))) -> 0,00 | T18: =IF(AND(L18="Nein",M18="Nein",N18="Nein",O18="Nein"),K18,ROUND(K18+(SUM(P18:S18)),0)) -> 0 | U18: =IF(G18=0,0,IF(G18="Stunden",T18*I18,IF(G18="Monat",T18*H18))) -> 0 | Y18: Vergabetiefenprüfung | Z18: 1.2 Vergabetiefenprüfung ist erfolgt
B19: =ROW()-13 -> 6 | K19: =IF(ISBLANK($J19),"0,00",IF($G19="Stunden",VLOOKUP($J19,'Grundlage UN-Lohn'!$M$9:$R$13,2),IF($G19="Monat",VLOOKUP($J19,'Grundlage UN-Lohn'!$M$2:$R$6,2),"0,00"))) -> 0,00 | P19: =IF(ISBLANK($J19),"0,00",IF(AND($G19="Stunden",$L19="Ja"),VLOOKUP($J19,'Grundlage UN-Lohn'!$M$9:$R$13,3),IF(AND($G19="Monat",$L19="Ja"),VLOOKUP($J19,'Grundlage UN-Lohn'!$M$2:$R$6,3),"0,00"))) -> 0,00 | Q19: =IF(ISBLANK($J19),"0,00",IF(AND($G19="Stunden",$M19="Ja"),VLOOKUP($J19,'Grundlage UN-Lohn'!$M$9:$R$13,4),IF(AND($G19="Monat",$M19="Ja"),VLOOKUP($J19,'Grundlage UN-Lohn'!$M$2:$R$6,4),"0,00"))) -> 0,00 | R19: =IF(ISBLANK($J19),"0,00",IF(AND($G19="Stunden",$N19="Ja"),VLOOKUP($J19,'Grundlage UN-Lohn'!$M$9:$R$13,5),IF(AND($G19="Monat",$N19="Ja"),VLOOKUP($J19,'Grundlage UN-Lohn'!$M$2:$R$6,5),"0,00"))) -> 0,00 | S19: =IF(ISBLANK($J19),"0,00",IF(AND($G19="Stunden",$O19="Ja"),VLOOKUP($J19,'Grundlage UN-Lohn'!$M$9:$R$13,6),IF(AND($G19="Monat",$O19="Ja"),VLOOKUP($J19,'Grundlage UN-Lohn'!$M$2:$R$6,6),"0,00"))) -> 0,00 | T19: =IF(AND(L19="Nein",M19="Nein",N19="Nein",O19="Nein"),K19,ROUND(K19+(SUM(P19:S19)),0)) -> 0 | U19: =IF(G19=0,0,IF(G19="Stunden",T19*I19,IF(G19="Monat",T19*H19))) -> 0
B20: =ROW()-13 -> 7 | K20: =IF(ISBLANK($J20),"0,00",IF($G20="Stunden",VLOOKUP($J20,'Grundlage UN-Lohn'!$M$9:$R$13,2),IF($G20="Monat",VLOOKUP($J20,'Grundlage UN-Lohn'!$M$2:$R$6,2),"0,00"))) -> 0,00 | P20: =IF(ISBLANK($J20),"0,00",IF(AND($G20="Stunden",$L20="Ja"),VLOOKUP($J20,'Grundlage UN-Lohn'!$M$9:$R$13,3),IF(AND($G20="Monat",$L20="Ja"),VLOOKUP($J20,'Grundlage UN-Lohn'!$M$2:$R$6,3),"0,00"))) -> 0,00 | Q20: =IF(ISBLANK($J20),"0,00",IF(AND($G20="Stunden",$M20="Ja"),VLOOKUP($J20,'Grundlage UN-Lohn'!$M$9:$R$13,4),IF(AND($G20="Monat",$M20="Ja"),VLOOKUP($J20,'Grundlage UN-Lohn'!$M$2:$R$6,4),"0,00"))) -> 0,00 | R20: =IF(ISBLANK($J20),"0,00",IF(AND($G20="Stunden",$N20="Ja"),VLOOKUP($J20,'Grundlage UN-Lohn'!$M$9:$R$13,5),IF(AND($G20="Monat",$N20="Ja"),VLOOKUP($J20,'Grundlage UN-Lohn'!$M$2:$R$6,5),"0,00"))) -> 0,00 | S20: =IF(ISBLANK($J20),"0,00",IF(AND($G20="Stunden",$O20="Ja"),VLOOKUP($J20,'Grundlage UN-Lohn'!$M$9:$R$13,6),IF(AND($G20="Monat",$O20="Ja"),VLOOKUP($J20,'Grundlage UN-Lohn'!$M$2:$R$6,6),"0,00"))) -> 0,00 | T20: =IF(AND(L20="Nein",M20="Nein",N20="Nein",O20="Nein"),K20,ROUND(K20+(SUM(P20:S20)),0)) -> 0 | U20: =IF(G20=0,0,IF(G20="Stunden",T20*I20,IF(G20="Monat",T20*H20))) -> 0 | Y20: risikobasierte_Kriterien | Z20: 2.1.1 Die Angaben im zahlenmäßigen Nachweis sind unvollständig.
B21: =ROW()-13 -> 8 | K21: =IF(ISBLANK($J21),"0,00",IF($G21="Stunden",VLOOKUP($J21,'Grundlage UN-Lohn'!$M$9:$R$13,2),IF($G21="Monat",VLOOKUP($J21,'Grundlage UN-Lohn'!$M$2:$R$6,2),"0,00"))) -> 0,00 | P21: =IF(ISBLANK($J21),"0,00",IF(AND($G21="Stunden",$L21="Ja"),VLOOKUP($J21,'Grundlage UN-Lohn'!$M$9:$R$13,3),IF(AND($G21="Monat",$L21="Ja"),VLOOKUP($J21,'Grundlage UN-Lohn'!$M$2:$R$6,3),"0,00"))) -> 0,00 | Q21: =IF(ISBLANK($J21),"0,00",IF(AND($G21="Stunden",$M21="Ja"),VLOOKUP($J21,'Grundlage UN-Lohn'!$M$9:$R$13,4),IF(AND($G21="Monat",$M21="Ja"),VLOOKUP($J21,'Grundlage UN-Lohn'!$M$2:$R$6,4),"0,00"))) -> 0,00 | R21: =IF(ISBLANK($J21),"0,00",IF(AND($G21="Stunden",$N21="Ja"),VLOOKUP($J21,'Grundlage UN-Lohn'!$M$9:$R$13,5),IF(AND($G21="Monat",$N21="Ja"),VLOOKUP($J21,'Grundlage UN-Lohn'!$M$2:$R$6,5),"0,00"))) -> 0,00 | S21: =IF(ISBLANK($J21),"0,00",IF(AND($G21="Stunden",$O21="Ja"),VLOOKUP($J21,'Grundlage UN-Lohn'!$M$9:$R$13,6),IF(AND($G21="Monat",$O21="Ja"),VLOOKUP($J21,'Grundlage UN-Lohn'!$M$2:$R$6,6),"0,00"))) -> 0,00 | T21: =IF(AND(L21="Nein",M21="Nein",N21="Nein",O21="Nein"),K21,ROUND(K21+(SUM(P21:S21)),0)) -> 0 | U21: =IF(G21=0,0,IF(G21="Stunden",T21*I21,IF(G21="Monat",T21*H21))) -> 0 | Y21: risikobasierte_Kriterien | Z21: 2.1.2 Die Angaben im zahlenmäßigen Nachweis sind nicht plausibel.
B22: =ROW()-13 -> 9 | K22: =IF(ISBLANK($J22),"0,00",IF($G22="Stunden",VLOOKUP($J22,'Grundlage UN-Lohn'!$M$9:$R$13,2),IF($G22="Monat",VLOOKUP($J22,'Grundlage UN-Lohn'!$M$2:$R$6,2),"0,00"))) -> 0,00 | P22: =IF(ISBLANK($J22),"0,00",IF(AND($G22="Stunden",$L22="Ja"),VLOOKUP($J22,'Grundlage UN-Lohn'!$M$9:$R$13,3),IF(AND($G22="Monat",$L22="Ja"),VLOOKUP($J22,'Grundlage UN-Lohn'!$M$2:$R$6,3),"0,00"))) -> 0,00 | Q22: =IF(ISBLANK($J22),"0,00",IF(AND($G22="Stunden",$M22="Ja"),VLOOKUP($J22,'Grundlage UN-Lohn'!$M$9:$R$13,4),IF(AND($G22="Monat",$M22="Ja"),VLOOKUP($J22,'Grundlage UN-Lohn'!$M$2:$R$6,4),"0,00"))) -> 0,00 | R22: =IF(ISBLANK($J22),"0,00",IF(AND($G22="Stunden",$N22="Ja"),VLOOKUP($J22,'Grundlage UN-Lohn'!$M$9:$R$13,5),IF(AND($G22="Monat",$N22="Ja"),VLOOKUP($J22,'Grundlage UN-Lohn'!$M$2:$R$6,5),"0,00"))) -> 0,00 | S22: =IF(ISBLANK($J22),"0,00",IF(AND($G22="Stunden",$O22="Ja"),VLOOKUP($J22,'Grundlage UN-Lohn'!$M$9:$R$13,6),IF(AND($G22="Monat",$O22="Ja"),VLOOKUP($J22,'Grundlage UN-Lohn'!$M$2:$R$6,6),"0,00"))) -> 0,00 | T22: =IF(AND(L22="Nein",M22="Nein",N22="Nein",O22="Nein"),K22,ROUND(K22+(SUM(P22:S22)),0)) -> 0 | U22: =IF(G22=0,0,IF(G22="Stunden",T22*I22,IF(G22="Monat",T22*H22))) -> 0 | Y22: risikobasierte_Kriterien | Z22: 2.1.3 Die Angaben des Zahlungsempfängers / Rechnungslegers wecken Zweifel an der rechtmäßigen Verwendung der Mittel.
B23: =ROW()-13 -> 10 | K23: =IF(ISBLANK($J23),"0,00",IF($G23="Stunden",VLOOKUP($J23,'Grundlage UN-Lohn'!$M$9:$R$13,2),IF($G23="Monat",VLOOKUP($J23,'Grundlage UN-Lohn'!$M$2:$R$6,2),"0,00"))) -> 0,00 | P23: =IF(ISBLANK($J23),"0,00",IF(AND($G23="Stunden",$L23="Ja"),VLOOKUP($J23,'Grundlage UN-Lohn'!$M$9:$R$13,3),IF(AND($G23="Monat",$L23="Ja"),VLOOKUP($J23,'Grundlage UN-Lohn'!$M$2:$R$6,3),"0,00"))) -> 0,00 | Q23: =IF(ISBLANK($J23),"0,00",IF(AND($G23="Stunden",$M23="Ja"),VLOOKUP($J23,'Grundlage UN-Lohn'!$M$9:$R$13,4),IF(AND($G23="Monat",$M23="Ja"),VLOOKUP($J23,'Grundlage UN-Lohn'!$M$2:$R$6,4),"0,00"))) -> 0,00 | R23: =IF(ISBLANK($J23),"0,00",IF(AND($G23="Stunden",$N23="Ja"),VLOOKUP($J23,'Grundlage UN-Lohn'!$M$9:$R$13,5),IF(AND($G23="Monat",$N23="Ja"),VLOOKUP($J23,'Grundlage UN-Lohn'!$M$2:$R$6,5),"0,00"))) -> 0,00 | S23: =IF(ISBLANK($J23),"0,00",IF(AND($G23="Stunden",$O23="Ja"),VLOOKUP($J23,'Grundlage UN-Lohn'!$M$9:$R$13,6),IF(AND($G23="Monat",$O23="Ja"),VLOOKUP($J23,'Grundlage UN-Lohn'!$M$2:$R$6,6),"0,00"))) -> 0,00 | T23: =IF(AND(L23="Nein",M23="Nein",N23="Nein",O23="Nein"),K23,ROUND(K23+(SUM(P23:S23)),0)) -> 0 | U23: =IF(G23=0,0,IF(G23="Stunden",T23*I23,IF(G23="Monat",T23*H23))) -> 0 | Y23: risikobasierte_Kriterien | Z23: 2.1.4 Aus den Angaben des Zuwendungsempfängers im Verwendungszweck des zahlenmäßigen Nachweises ergeben sich Hinweise auf einen unklaren Bezug zum Vorhaben.
B24: =ROW()-13 -> 11 | K24: =IF(ISBLANK($J24),"0,00",IF($G24="Stunden",VLOOKUP($J24,'Grundlage UN-Lohn'!$M$9:$R$13,2),IF($G24="Monat",VLOOKUP($J24,'Grundlage UN-Lohn'!$M$2:$R$6,2),"0,00"))) -> 0,00 | P24: =IF(ISBLANK($J24),"0,00",IF(AND($G24="Stunden",$L24="Ja"),VLOOKUP($J24,'Grundlage UN-Lohn'!$M$9:$R$13,3),IF(AND($G24="Monat",$L24="Ja"),VLOOKUP($J24,'Grundlage UN-Lohn'!$M$2:$R$6,3),"0,00"))) -> 0,00 | Q24: =IF(ISBLANK($J24),"0,00",IF(AND($G24="Stunden",$M24="Ja"),VLOOKUP($J24,'Grundlage UN-Lohn'!$M$9:$R$13,4),IF(AND($G24="Monat",$M24="Ja"),VLOOKUP($J24,'Grundlage UN-Lohn'!$M$2:$R$6,4),"0,00"))) -> 0,00 | R24: =IF(ISBLANK($J24),"0,00",IF(AND($G24="Stunden",$N24="Ja"),VLOOKUP($J24,'Grundlage UN-Lohn'!$M$9:$R$13,5),IF(AND($G24="Monat",$N24="Ja"),VLOOKUP($J24,'Grundlage UN-Lohn'!$M$2:$R$6,5),"0,00"))) -> 0,00 | S24: =IF(ISBLANK($J24),"0,00",IF(AND($G24="Stunden",$O24="Ja"),VLOOKUP($J24,'Grundlage UN-Lohn'!$M$9:$R$13,6),IF(AND($G24="Monat",$O24="Ja"),VLOOKUP($J24,'Grundlage UN-Lohn'!$M$2:$R$6,6),"0,00"))) -> 0,00 | T24: =IF(AND(L24="Nein",M24="Nein",N24="Nein",O24="Nein"),K24,ROUND(K24+(SUM(P24:S24)),0)) -> 0 | U24: =IF(G24=0,0,IF(G24="Stunden",T24*I24,IF(G24="Monat",T24*H24))) -> 0 | Y24: risikobasierte_Kriterien | Z24: 2.1.5 Aus den Angaben des Zuwendungsempfängers im Verwendungszweck des zahlenmäßigen Nachweises ergeben sich Hinweise auf eine Nichtförderfähigkeit der Ausgaben.
B25: =ROW()-13 -> 12 | K25: =IF(ISBLANK($J25),"0,00",IF($G25="Stunden",VLOOKUP($J25,'Grundlage UN-Lohn'!$M$9:$R$13,2),IF($G25="Monat",VLOOKUP($J25,'Grundlage UN-Lohn'!$M$2:$R$6,2),"0,00"))) -> 0,00 | P25: =IF(ISBLANK($J25),"0,00",IF(AND($G25="Stunden",$L25="Ja"),VLOOKUP($J25,'Grundlage UN-Lohn'!$M$9:$R$13,3),IF(AND($G25="Monat",$L25="Ja"),VLOOKUP($J25,'Grundlage UN-Lohn'!$M$2:$R$6,3),"0,00"))) -> 0,00 | Q25: =IF(ISBLANK($J25),"0,00",IF(AND($G25="Stunden",$M25="Ja"),VLOOKUP($J25,'Grundlage UN-Lohn'!$M$9:$R$13,4),IF(AND($G25="Monat",$M25="Ja"),VLOOKUP($J25,'Grundlage UN-Lohn'!$M$2:$R$6,4),"0,00"))) -> 0,00 | R25: =IF(ISBLANK($J25),"0,00",IF(AND($G25="Stunden",$N25="Ja"),VLOOKUP($J25,'Grundlage UN-Lohn'!$M$9:$R$13,5),IF(AND($G25="Monat",$N25="Ja"),VLOOKUP($J25,'Grundlage UN-Lohn'!$M$2:$R$6,5),"0,00"))) -> 0,00 | S25: =IF(ISBLANK($J25),"0,00",IF(AND($G25="Stunden",$O25="Ja"),VLOOKUP($J25,'Grundlage UN-Lohn'!$M$9:$R$13,6),IF(AND($G25="Monat",$O25="Ja"),VLOOKUP($J25,'Grundlage UN-Lohn'!$M$2:$R$6,6),"0,00"))) -> 0,00 | T25: =IF(AND(L25="Nein",M25="Nein",N25="Nein",O25="Nein"),K25,ROUND(K25+(SUM(P25:S25)),0)) -> 0 | U25: =IF(G25=0,0,IF(G25="Stunden",T25*I25,IF(G25="Monat",T25*H25))) -> 0 | Y25: risikobasierte_Kriterien | Z25: 2.1.6 Das Rechnungsdatum liegt im engen zeitlichen Zusammenhang mit dem Vorhabenbeginn (vorzeitiger MB).
B26: =ROW()-13 -> 13 | K26: =IF(ISBLANK($J26),"0,00",IF($G26="Stunden",VLOOKUP($J26,'Grundlage UN-Lohn'!$M$9:$R$13,2),IF($G26="Monat",VLOOKUP($J26,'Grundlage UN-Lohn'!$M$2:$R$6,2),"0,00"))) -> 0,00 | P26: =IF(ISBLANK($J26),"0,00",IF(AND($G26="Stunden",$L26="Ja"),VLOOKUP($J26,'Grundlage UN-Lohn'!$M$9:$R$13,3),IF(AND($G26="Monat",$L26="Ja"),VLOOKUP($J26,'Grundlage UN-Lohn'!$M$2:$R$6,3),"0,00"))) -> 0,00 | Q26: =IF(ISBLANK($J26),"0,00",IF(AND($G26="Stunden",$M26="Ja"),VLOOKUP($J26,'Grundlage UN-Lohn'!$M$9:$R$13,4),IF(AND($G26="Monat",$M26="Ja"),VLOOKUP($J26,'Grundlage UN-Lohn'!$M$2:$R$6,4),"0,00"))) -> 0,00 | R26: =IF(ISBLANK($J26),"0,00",IF(AND($G26="Stunden",$N26="Ja"),VLOOKUP($J26,'Grundlage UN-Lohn'!$M$9:$R$13,5),IF(AND($G26="Monat",$N26="Ja"),VLOOKUP($J26,'Grundlage UN-Lohn'!$M$2:$R$6,5),"0,00"))) -> 0,00 | S26: =IF(ISBLANK($J26),"0,00",IF(AND($G26="Stunden",$O26="Ja"),VLOOKUP($J26,'Grundlage UN-Lohn'!$M$9:$R$13,6),IF(AND($G26="Monat",$O26="Ja"),VLOOKUP($J26,'Grundlage UN-Lohn'!$M$2:$R$6,6),"0,00"))) -> 0,00 | T26: =IF(AND(L26="Nein",M26="Nein",N26="Nein",O26="Nein"),K26,ROUND(K26+(SUM(P26:S26)),0)) -> 0 | U26: =IF(G26=0,0,IF(G26="Stunden",T26*I26,IF(G26="Monat",T26*H26))) -> 0 | Y26: risikobasierte_Kriterien | Z26: 2.1.7 Der Zahlungsbetrag weicht vom Rechnungsbetrag ab.
B27: =ROW()-13 -> 14 | K27: =IF(ISBLANK($J27),"0,00",IF($G27="Stunden",VLOOKUP($J27,'Grundlage UN-Lohn'!$M$9:$R$13,2),IF($G27="Monat",VLOOKUP($J27,'Grundlage UN-Lohn'!$M$2:$R$6,2),"0,00"))) -> 0,00 | P27: =IF(ISBLANK($J27),"0,00",IF(AND($G27="Stunden",$L27="Ja"),VLOOKUP($J27,'Grundlage UN-Lohn'!$M$9:$R$13,3),IF(AND($G27="Monat",$L27="Ja"),VLOOKUP($J27,'Grundlage UN-Lohn'!$M$2:$R$6,3),"0,00"))) -> 0,00 | Q27: =IF(ISBLANK($J27),"0,00",IF(AND($G27="Stunden",$M27="Ja"),VLOOKUP($J27,'Grundlage UN-Lohn'!$M$9:$R$13,4),IF(AND($G27="Monat",$M27="Ja"),VLOOKUP($J27,'Grundlage UN-Lohn'!$M$2:$R$6,4),"0,00"))) -> 0,00 | R27: =IF(ISBLANK($J27),"0,00",IF(AND($G27="Stunden",$N27="Ja"),VLOOKUP($J27,'Grundlage UN-Lohn'!$M$9:$R$13,5),IF(AND($G27="Monat",$N27="Ja"),VLOOKUP($J27,'Grundlage UN-Lohn'!$M$2:$R$6,5),"0,00"))) -> 0,00 | S27: =IF(ISBLANK($J27),"0,00",IF(AND($G27="Stunden",$O27="Ja"),VLOOKUP($J27,'Grundlage UN-Lohn'!$M$9:$R$13,6),IF(AND($G27="Monat",$O27="Ja"),VLOOKUP($J27,'Grundlage UN-Lohn'!$M$2:$R$6,6),"0,00"))) -> 0,00 | T27: =IF(AND(L27="Nein",M27="Nein",N27="Nein",O27="Nein"),K27,ROUND(K27+(SUM(P27:S27)),0)) -> 0 | U27: =IF(G27=0,0,IF(G27="Stunden",T27*I27,IF(G27="Monat",T27*H27))) -> 0 | Y27: risikobasierte_Kriterien | Z27: 2.1.8 Ausgaben-Kostengruppe war nicht Antragsgegenstand, bzw. Gegenstand eines Änderungsantrages
B28: =ROW()-13 -> 15 | K28: =IF(ISBLANK($J28),"0,00",IF($G28="Stunden",VLOOKUP($J28,'Grundlage UN-Lohn'!$M$9:$R$13,2),IF($G28="Monat",VLOOKUP($J28,'Grundlage UN-Lohn'!$M$2:$R$6,2),"0,00"))) -> 0,00 | P28: =IF(ISBLANK($J28),"0,00",IF(AND($G28="Stunden",$L28="Ja"),VLOOKUP($J28,'Grundlage UN-Lohn'!$M$9:$R$13,3),IF(AND($G28="Monat",$L28="Ja"),VLOOKUP($J28,'Grundlage UN-Lohn'!$M$2:$R$6,3),"0,00"))) -> 0,00 | Q28: =IF(ISBLANK($J28),"0,00",IF(AND($G28="Stunden",$M28="Ja"),VLOOKUP($J28,'Grundlage UN-Lohn'!$M$9:$R$13,4),IF(AND($G28="Monat",$M28="Ja"),VLOOKUP($J28,'Grundlage UN-Lohn'!$M$2:$R$6,4),"0,00"))) -> 0,00 | R28: =IF(ISBLANK($J28),"0,00",IF(AND($G28="Stunden",$N28="Ja"),VLOOKUP($J28,'Grundlage UN-Lohn'!$M$9:$R$13,5),IF(AND($G28="Monat",$N28="Ja"),VLOOKUP($J28,'Grundlage UN-Lohn'!$M$2:$R$6,5),"0,00"))) -> 0,00 | S28: =IF(ISBLANK($J28),"0,00",IF(AND($G28="Stunden",$O28="Ja"),VLOOKUP($J28,'Grundlage UN-Lohn'!$M$9:$R$13,6),IF(AND($G28="Monat",$O28="Ja"),VLOOKUP($J28,'Grundlage UN-Lohn'!$M$2:$R$6,6),"0,00"))) -> 0,00 | T28: =IF(AND(L28="Nein",M28="Nein",N28="Nein",O28="Nein"),K28,ROUND(K28+(SUM(P28:S28)),0)) -> 0 | U28: =IF(G28=0,0,IF(G28="Stunden",T28*I28,IF(G28="Monat",T28*H28))) -> 0 | Y28: risikobasierte_Kriterien | Z28: 2.1.9 Finanzierungsbaustein (Mietkauf, Leasing o.ä.) nicht Antragsgegenstand, bzw. Gegenstand eines Änderungsantrages
B29: =ROW()-13 -> 16 | K29: =IF(ISBLANK($J29),"0,00",IF($G29="Stunden",VLOOKUP($J29,'Grundlage UN-Lohn'!$M$9:$R$13,2),IF($G29="Monat",VLOOKUP($J29,'Grundlage UN-Lohn'!$M$2:$R$6,2),"0,00"))) -> 0,00 | P29: =IF(ISBLANK($J29),"0,00",IF(AND($G29="Stunden",$L29="Ja"),VLOOKUP($J29,'Grundlage UN-Lohn'!$M$9:$R$13,3),IF(AND($G29="Monat",$L29="Ja"),VLOOKUP($J29,'Grundlage UN-Lohn'!$M$2:$R$6,3),"0,00"))) -> 0,00 | Q29: =IF(ISBLANK($J29),"0,00",IF(AND($G29="Stunden",$M29="Ja"),VLOOKUP($J29,'Grundlage UN-Lohn'!$M$9:$R$13,4),IF(AND($G29="Monat",$M29="Ja"),VLOOKUP($J29,'Grundlage UN-Lohn'!$M$2:$R$6,4),"0,00"))) -> 0,00 | R29: =IF(ISBLANK($J29),"0,00",IF(AND($G29="Stunden",$N29="Ja"),VLOOKUP($J29,'Grundlage UN-Lohn'!$M$9:$R$13,5),IF(AND($G29="Monat",$N29="Ja"),VLOOKUP($J29,'Grundlage UN-Lohn'!$M$2:$R$6,5),"0,00"))) -> 0,00 | S29: =IF(ISBLANK($J29),"0,00",IF(AND($G29="Stunden",$O29="Ja"),VLOOKUP($J29,'Grundlage UN-Lohn'!$M$9:$R$13,6),IF(AND($G29="Monat",$O29="Ja"),VLOOKUP($J29,'Grundlage UN-Lohn'!$M$2:$R$6,6),"0,00"))) -> 0,00 | T29: =IF(AND(L29="Nein",M29="Nein",N29="Nein",O29="Nein"),K29,ROUND(K29+(SUM(P29:S29)),0)) -> 0 | U29: =IF(G29=0,0,IF(G29="Stunden",T29*I29,IF(G29="Monat",T29*H29))) -> 0 | Y29: risikobasierte_Kriterien | Z29: 2.1.10 Sonstige Auffälligkeiten (Sachausgaben)
B30: =ROW()-13 -> 17 | K30: =IF(ISBLANK($J30),"0,00",IF($G30="Stunden",VLOOKUP($J30,'Grundlage UN-Lohn'!$M$9:$R$13,2),IF($G30="Monat",VLOOKUP($J30,'Grundlage UN-Lohn'!$M$2:$R$6,2),"0,00"))) -> 0,00 | P30: =IF(ISBLANK($J30),"0,00",IF(AND($G30="Stunden",$L30="Ja"),VLOOKUP($J30,'Grundlage UN-Lohn'!$M$9:$R$13,3),IF(AND($G30="Monat",$L30="Ja"),VLOOKUP($J30,'Grundlage UN-Lohn'!$M$2:$R$6,3),"0,00"))) -> 0,00 | Q30: =IF(ISBLANK($J30),"0,00",IF(AND($G30="Stunden",$M30="Ja"),VLOOKUP($J30,'Grundlage UN-Lohn'!$M$9:$R$13,4),IF(AND($G30="Monat",$M30="Ja"),VLOOKUP($J30,'Grundlage UN-Lohn'!$M$2:$R$6,4),"0,00"))) -> 0,00 | R30: =IF(ISBLANK($J30),"0,00",IF(AND($G30="Stunden",$N30="Ja"),VLOOKUP($J30,'Grundlage UN-Lohn'!$M$9:$R$13,5),IF(AND($G30="Monat",$N30="Ja"),VLOOKUP($J30,'Grundlage UN-Lohn'!$M$2:$R$6,5),"0,00"))) -> 0,00 | S30: =IF(ISBLANK($J30),"0,00",IF(AND($G30="Stunden",$O30="Ja"),VLOOKUP($J30,'Grundlage UN-Lohn'!$M$9:$R$13,6),IF(AND($G30="Monat",$O30="Ja"),VLOOKUP($J30,'Grundlage UN-Lohn'!$M$2:$R$6,6),"0,00"))) -> 0,00 | T30: =IF(AND(L30="Nein",M30="Nein",N30="Nein",O30="Nein"),K30,ROUND(K30+(SUM(P30:S30)),0)) -> 0 | U30: =IF(G30=0,0,IF(G30="Stunden",T30*I30,IF(G30="Monat",T30*H30))) -> 0 | Y30: risikobasierte_Kriterien | Z30: 2.2.1 Die Angaben im zahlenmäßigen Nachweis sind unvollständig.
B31: =ROW()-13 -> 18 | K31: =IF(ISBLANK($J31),"0,00",IF($G31="Stunden",VLOOKUP($J31,'Grundlage UN-Lohn'!$M$9:$R$13,2),IF($G31="Monat",VLOOKUP($J31,'Grundlage UN-Lohn'!$M$2:$R$6,2),"0,00"))) -> 0,00 | P31: =IF(ISBLANK($J31),"0,00",IF(AND($G31="Stunden",$L31="Ja"),VLOOKUP($J31,'Grundlage UN-Lohn'!$M$9:$R$13,3),IF(AND($G31="Monat",$L31="Ja"),VLOOKUP($J31,'Grundlage UN-Lohn'!$M$2:$R$6,3),"0,00"))) -> 0,00 | Q31: =IF(ISBLANK($J31),"0,00",IF(AND($G31="Stunden",$M31="Ja"),VLOOKUP($J31,'Grundlage UN-Lohn'!$M$9:$R$13,4),IF(AND($G31="Monat",$M31="Ja"),VLOOKUP($J31,'Grundlage UN-Lohn'!$M$2:$R$6,4),"0,00"))) -> 0,00 | R31: =IF(ISBLANK($J31),"0,00",IF(AND($G31="Stunden",$N31="Ja"),VLOOKUP($J31,'Grundlage UN-Lohn'!$M$9:$R$13,5),IF(AND($G31="Monat",$N31="Ja"),VLOOKUP($J31,'Grundlage UN-Lohn'!$M$2:$R$6,5),"0,00"))) -> 0,00 | S31: =IF(ISBLANK($J31),"0,00",IF(AND($G31="Stunden",$O31="Ja"),VLOOKUP($J31,'Grundlage UN-Lohn'!$M$9:$R$13,6),IF(AND($G31="Monat",$O31="Ja"),VLOOKUP($J31,'Grundlage UN-Lohn'!$M$2:$R$6,6),"0,00"))) -> 0,00 | T31: =IF(AND(L31="Nein",M31="Nein",N31="Nein",O31="Nein"),K31,ROUND(K31+(SUM(P31:S31)),0)) -> 0 | U31: =IF(G31=0,0,IF(G31="Stunden",T31*I31,IF(G31="Monat",T31*H31))) -> 0 | Y31: risikobasierte_Kriterien | Z31: 2.2.2 Die Angaben im zahlenmäßigen Nachweis sind nicht plausibel.
... B34: =ROW()-13 -> 21 | K34: =IF(ISBLANK($J34),"0,00",IF($G34="Stunden",VLOOKUP($J34,'Grundlage UN-Lohn'!$M$9:$R$13,2),IF($G34="Monat",VLOOKUP($J34,'Grundlage UN-Lohn'!$M$2:$R$6,2),"0,00"))) -> 0,00 | P34: =IF(ISBLANK($J34),"0,00",IF(AND($G34="Stunden",$L34="Ja"),VLOOKUP($J34,'Grundlage UN-Lohn'!$M$9:$R$13,3),IF(AND($G34="Monat",$L34="Ja"),VLOOKUP($J34,'Grundlage UN-Lohn'!$M$2:$R$6,3),"0,00"))) -> 0,00 | Q34: =IF(ISBLANK($J34),"0,00",IF(AND($G34="Stunden",$M34="Ja"),VLOOKUP($J34,'Grundlage UN-Lohn'!$M$9:$R$13,4),IF(AND($G34="Monat",$M34="Ja"),VLOOKUP($J34,'Grundlage UN-Lohn'!$M$2:$R$6,4),"0,00"))) -> 0,00 | R34: =IF(ISBLANK($J34),"0,00",IF(AND($G34="Stunden",$N34="Ja"),VLOOKUP($J34,'Grundlage UN-Lohn'!$M$9:$R$13,5),IF(AND($G34="Monat",$N34="Ja"),VLOOKUP($J34,'Grundlage UN-Lohn'!$M$2:$R$6,5),"0,00"))) -> 0,00 | S34: =IF(ISBLANK($J34),"0,00",IF(AND($G34="Stunden",$O34="Ja"),VLOOKUP($J34,'Grundlage UN-Lohn'!$M$9:$R$13,6),IF(AND($G34="Monat",$O34="Ja"),VLOOKUP($J34,'Grundlage UN-Lohn'!$M$2:$R$6,6),"0,00"))) -> 0,00 | T34: =IF(AND(L34="Nein",M34="Nein",N34="Nein",O34="Nein"),K34,ROUND(K34+(SUM(P34:S34)),0)) -> 0 | U34: =IF(G34=0,0,IF(G34="Stunden",T34*I34,IF(G34="Monat",T34*H34))) -> 0 | Y34: risikobasierte_Kriterien | Z34: 2.2.5 Sonstige Auffälligkeiten
B35: =ROW()-13 -> 22 | K35: =IF(ISBLANK($J35),"0,00",IF($G35="Stunden",VLOOKUP($J35,'Grundlage UN-Lohn'!$M$9:$R$13,2),IF($G35="Monat",VLOOKUP($J35,'Grundlage UN-Lohn'!$M$2:$R$6,2),"0,00"))) -> 0,00 | P35: =IF(ISBLANK($J35),"0,00",IF(AND($G35="Stunden",$L35="Ja"),VLOOKUP($J35,'Grundlage UN-Lohn'!$M$9:$R$13,3),IF(AND($G35="Monat",$L35="Ja"),VLOOKUP($J35,'Grundlage UN-Lohn'!$M$2:$R$6,3),"0,00"))) -> 0,00 | Q35: =IF(ISBLANK($J35),"0,00",IF(AND($G35="Stunden",$M35="Ja"),VLOOKUP($J35,'Grundlage UN-Lohn'!$M$9:$R$13,4),IF(AND($G35="Monat",$M35="Ja"),VLOOKUP($J35,'Grundlage UN-Lohn'!$M$2:$R$6,4),"0,00"))) -> 0,00 | R35: =IF(ISBLANK($J35),"0,00",IF(AND($G35="Stunden",$N35="Ja"),VLOOKUP($J35,'Grundlage UN-Lohn'!$M$9:$R$13,5),IF(AND($G35="Monat",$N35="Ja"),VLOOKUP($J35,'Grundlage UN-Lohn'!$M$2:$R$6,5),"0,00"))) -> 0,00 | S35: =IF(ISBLANK($J35),"0,00",IF(AND($G35="Stunden",$O35="Ja"),VLOOKUP($J35,'Grundlage UN-Lohn'!$M$9:$R$13,6),IF(AND($G35="Monat",$O35="Ja"),VLOOKUP($J35,'Grundlage UN-Lohn'!$M$2:$R$6,6),"0,00"))) -> 0,00 | T35: =IF(AND(L35="Nein",M35="Nein",N35="Nein",O35="Nein"),K35,ROUND(K35+(SUM(P35:S35)),0)) -> 0 | U35: =IF(G35=0,0,IF(G35="Stunden",T35*I35,IF(G35="Monat",T35*H35))) -> 0
B36: =ROW()-13 -> 23 | K36: =IF(ISBLANK($J36),"0,00",IF($G36="Stunden",VLOOKUP($J36,'Grundlage UN-Lohn'!$M$9:$R$13,2),IF($G36="Monat",VLOOKUP($J36,'Grundlage UN-Lohn'!$M$2:$R$6,2),"0,00"))) -> 0,00 | P36: =IF(ISBLANK($J36),"0,00",IF(AND($G36="Stunden",$L36="Ja"),VLOOKUP($J36,'Grundlage UN-Lohn'!$M$9:$R$13,3),IF(AND($G36="Monat",$L36="Ja"),VLOOKUP($J36,'Grundlage UN-Lohn'!$M$2:$R$6,3),"0,00"))) -> 0,00 | Q36: =IF(ISBLANK($J36),"0,00",IF(AND($G36="Stunden",$M36="Ja"),VLOOKUP($J36,'Grundlage UN-Lohn'!$M$9:$R$13,4),IF(AND($G36="Monat",$M36="Ja"),VLOOKUP($J36,'Grundlage UN-Lohn'!$M$2:$R$6,4),"0,00"))) -> 0,00 | R36: =IF(ISBLANK($J36),"0,00",IF(AND($G36="Stunden",$N36="Ja"),VLOOKUP($J36,'Grundlage UN-Lohn'!$M$9:$R$13,5),IF(AND($G36="Monat",$N36="Ja"),VLOOKUP($J36,'Grundlage UN-Lohn'!$M$2:$R$6,5),"0,00"))) -> 0,00 | S36: =IF(ISBLANK($J36),"0,00",IF(AND($G36="Stunden",$O36="Ja"),VLOOKUP($J36,'Grundlage UN-Lohn'!$M$9:$R$13,6),IF(AND($G36="Monat",$O36="Ja"),VLOOKUP($J36,'Grundlage UN-Lohn'!$M$2:$R$6,6),"0,00"))) -> 0,00 | T36: =IF(AND(L36="Nein",M36="Nein",N36="Nein",O36="Nein"),K36,ROUND(K36+(SUM(P36:S36)),0)) -> 0 | U36: =IF(G36=0,0,IF(G36="Stunden",T36*I36,IF(G36="Monat",T36*H36))) -> 0 | Y36: risikobehaftete_Ausgabenkategorien | Z36: Test 1
B37: =ROW()-13 -> 24 | K37: =IF(ISBLANK($J37),"0,00",IF($G37="Stunden",VLOOKUP($J37,'Grundlage UN-Lohn'!$M$9:$R$13,2),IF($G37="Monat",VLOOKUP($J37,'Grundlage UN-Lohn'!$M$2:$R$6,2),"0,00"))) -> 0,00 | P37: =IF(ISBLANK($J37),"0,00",IF(AND($G37="Stunden",$L37="Ja"),VLOOKUP($J37,'Grundlage UN-Lohn'!$M$9:$R$13,3),IF(AND($G37="Monat",$L37="Ja"),VLOOKUP($J37,'Grundlage UN-Lohn'!$M$2:$R$6,3),"0,00"))) -> 0,00 | Q37: =IF(ISBLANK($J37),"0,00",IF(AND($G37="Stunden",$M37="Ja"),VLOOKUP($J37,'Grundlage UN-Lohn'!$M$9:$R$13,4),IF(AND($G37="Monat",$M37="Ja"),VLOOKUP($J37,'Grundlage UN-Lohn'!$M$2:$R$6,4),"0,00"))) -> 0,00 | R37: =IF(ISBLANK($J37),"0,00",IF(AND($G37="Stunden",$N37="Ja"),VLOOKUP($J37,'Grundlage UN-Lohn'!$M$9:$R$13,5),IF(AND($G37="Monat",$N37="Ja"),VLOOKUP($J37,'Grundlage UN-Lohn'!$M$2:$R$6,5),"0,00"))) -> 0,00 | S37: =IF(ISBLANK($J37),"0,00",IF(AND($G37="Stunden",$O37="Ja"),VLOOKUP($J37,'Grundlage UN-Lohn'!$M$9:$R$13,6),IF(AND($G37="Monat",$O37="Ja"),VLOOKUP($J37,'Grundlage UN-Lohn'!$M$2:$R$6,6),"0,00"))) -> 0,00 | T37: =IF(AND(L37="Nein",M37="Nein",N37="Nein",O37="Nein"),K37,ROUND(K37+(SUM(P37:S37)),0)) -> 0 | U37: =IF(G37=0,0,IF(G37="Stunden",T37*I37,IF(G37="Monat",T37*H37))) -> 0 | Y37: risikobehaftete_Ausgabenkategorien | Z37: Test 2
B38: =ROW()-13 -> 25 | K38: =IF(ISBLANK($J38),"0,00",IF($G38="Stunden",VLOOKUP($J38,'Grundlage UN-Lohn'!$M$9:$R$13,2),IF($G38="Monat",VLOOKUP($J38,'Grundlage UN-Lohn'!$M$2:$R$6,2),"0,00"))) -> 0,00 | P38: =IF(ISBLANK($J38),"0,00",IF(AND($G38="Stunden",$L38="Ja"),VLOOKUP($J38,'Grundlage UN-Lohn'!$M$9:$R$13,3),IF(AND($G38="Monat",$L38="Ja"),VLOOKUP($J38,'Grundlage UN-Lohn'!$M$2:$R$6,3),"0,00"))) -> 0,00 | Q38: =IF(ISBLANK($J38),"0,00",IF(AND($G38="Stunden",$M38="Ja"),VLOOKUP($J38,'Grundlage UN-Lohn'!$M$9:$R$13,4),IF(AND($G38="Monat",$M38="Ja"),VLOOKUP($J38,'Grundlage UN-Lohn'!$M$2:$R$6,4),"0,00"))) -> 0,00 | R38: =IF(ISBLANK($J38),"0,00",IF(AND($G38="Stunden",$N38="Ja"),VLOOKUP($J38,'Grundlage UN-Lohn'!$M$9:$R$13,5),IF(AND($G38="Monat",$N38="Ja"),VLOOKUP($J38,'Grundlage UN-Lohn'!$M$2:$R$6,5),"0,00"))) -> 0,00 | S38: =IF(ISBLANK($J38),"0,00",IF(AND($G38="Stunden",$O38="Ja"),VLOOKUP($J38,'Grundlage UN-Lohn'!$M$9:$R$13,6),IF(AND($G38="Monat",$O38="Ja"),VLOOKUP($J38,'Grundlage UN-Lohn'!$M$2:$R$6,6),"0,00"))) -> 0,00 | T38: =IF(AND(L38="Nein",M38="Nein",N38="Nein",O38="Nein"),K38,ROUND(K38+(SUM(P38:S38)),0)) -> 0 | U38: =IF(G38=0,0,IF(G38="Stunden",T38*I38,IF(G38="Monat",T38*H38))) -> 0
B39: =ROW()-13 -> 26 | K39: =IF(ISBLANK($J39),"0,00",IF($G39="Stunden",VLOOKUP($J39,'Grundlage UN-Lohn'!$M$9:$R$13,2),IF($G39="Monat",VLOOKUP($J39,'Grundlage UN-Lohn'!$M$2:$R$6,2),"0,00"))) -> 0,00 | P39: =IF(ISBLANK($J39),"0,00",IF(AND($G39="Stunden",$L39="Ja"),VLOOKUP($J39,'Grundlage UN-Lohn'!$M$9:$R$13,3),IF(AND($G39="Monat",$L39="Ja"),VLOOKUP($J39,'Grundlage UN-Lohn'!$M$2:$R$6,3),"0,00"))) -> 0,00 | Q39: =IF(ISBLANK($J39),"0,00",IF(AND($G39="Stunden",$M39="Ja"),VLOOKUP($J39,'Grundlage UN-Lohn'!$M$9:$R$13,4),IF(AND($G39="Monat",$M39="Ja"),VLOOKUP($J39,'Grundlage UN-Lohn'!$M$2:$R$6,4),"0,00"))) -> 0,00 | R39: =IF(ISBLANK($J39),"0,00",IF(AND($G39="Stunden",$N39="Ja"),VLOOKUP($J39,'Grundlage UN-Lohn'!$M$9:$R$13,5),IF(AND($G39="Monat",$N39="Ja"),VLOOKUP($J39,'Grundlage UN-Lohn'!$M$2:$R$6,5),"0,00"))) -> 0,00 | S39: =IF(ISBLANK($J39),"0,00",IF(AND($G39="Stunden",$O39="Ja"),VLOOKUP($J39,'Grundlage UN-Lohn'!$M$9:$R$13,6),IF(AND($G39="Monat",$O39="Ja"),VLOOKUP($J39,'Grundlage UN-Lohn'!$M$2:$R$6,6),"0,00"))) -> 0,00 | T39: =IF(AND(L39="Nein",M39="Nein",N39="Nein",O39="Nein"),K39,ROUND(K39+(SUM(P39:S39)),0)) -> 0 | U39: =IF(G39=0,0,IF(G39="Stunden",T39*I39,IF(G39="Monat",T39*H39))) -> 0 | Y39: zahlenbasierte_Kriterien | Z39: 3.1 Auswahl wertmäßig größte Position aus jeder Ausgaben- bzw. Kostengruppe
B40: =ROW()-13 -> 27 | K40: =IF(ISBLANK($J40),"0,00",IF($G40="Stunden",VLOOKUP($J40,'Grundlage UN-Lohn'!$M$9:$R$13,2),IF($G40="Monat",VLOOKUP($J40,'Grundlage UN-Lohn'!$M$2:$R$6,2),"0,00"))) -> 0,00 | P40: =IF(ISBLANK($J40),"0,00",IF(AND($G40="Stunden",$L40="Ja"),VLOOKUP($J40,'Grundlage UN-Lohn'!$M$9:$R$13,3),IF(AND($G40="Monat",$L40="Ja"),VLOOKUP($J40,'Grundlage UN-Lohn'!$M$2:$R$6,3),"0,00"))) -> 0,00 | Q40: =IF(ISBLANK($J40),"0,00",IF(AND($G40="Stunden",$M40="Ja"),VLOOKUP($J40,'Grundlage UN-Lohn'!$M$9:$R$13,4),IF(AND($G40="Monat",$M40="Ja"),VLOOKUP($J40,'Grundlage UN-Lohn'!$M$2:$R$6,4),"0,00"))) -> 0,00 | R40: =IF(ISBLANK($J40),"0,00",IF(AND($G40="Stunden",$N40="Ja"),VLOOKUP($J40,'Grundlage UN-Lohn'!$M$9:$R$13,5),IF(AND($G40="Monat",$N40="Ja"),VLOOKUP($J40,'Grundlage UN-Lohn'!$M$2:$R$6,5),"0,00"))) -> 0,00 | S40: =IF(ISBLANK($J40),"0,00",IF(AND($G40="Stunden",$O40="Ja"),VLOOKUP($J40,'Grundlage UN-Lohn'!$M$9:$R$13,6),IF(AND($G40="Monat",$O40="Ja"),VLOOKUP($J40,'Grundlage UN-Lohn'!$M$2:$R$6,6),"0,00"))) -> 0,00 | T40: =IF(AND(L40="Nein",M40="Nein",N40="Nein",O40="Nein"),K40,ROUND(K40+(SUM(P40:S40)),0)) -> 0 | U40: =IF(G40=0,0,IF(G40="Stunden",T40*I40,IF(G40="Monat",T40*H40))) -> 0 | Y40: zahlenbasierte_Kriterien | Z40: 3.2 Auswahl wertmäßig zweitgrößte Position aus jeder Ausgaben- bzw. Kostengruppe.
B41: =ROW()-13 -> 28 | K41: =IF(ISBLANK($J41),"0,00",IF($G41="Stunden",VLOOKUP($J41,'Grundlage UN-Lohn'!$M$9:$R$13,2),IF($G41="Monat",VLOOKUP($J41,'Grundlage UN-Lohn'!$M$2:$R$6,2),"0,00"))) -> 0,00 | P41: =IF(ISBLANK($J41),"0,00",IF(AND($G41="Stunden",$L41="Ja"),VLOOKUP($J41,'Grundlage UN-Lohn'!$M$9:$R$13,3),IF(AND($G41="Monat",$L41="Ja"),VLOOKUP($J41,'Grundlage UN-Lohn'!$M$2:$R$6,3),"0,00"))) -> 0,00 | Q41: =IF(ISBLANK($J41),"0,00",IF(AND($G41="Stunden",$M41="Ja"),VLOOKUP($J41,'Grundlage UN-Lohn'!$M$9:$R$13,4),IF(AND($G41="Monat",$M41="Ja"),VLOOKUP($J41,'Grundlage UN-Lohn'!$M$2:$R$6,4),"0,00"))) -> 0,00 | R41: =IF(ISBLANK($J41),"0,00",IF(AND($G41="Stunden",$N41="Ja"),VLOOKUP($J41,'Grundlage UN-Lohn'!$M$9:$R$13,5),IF(AND($G41="Monat",$N41="Ja"),VLOOKUP($J41,'Grundlage UN-Lohn'!$M$2:$R$6,5),"0,00"))) -> 0,00 | S41: =IF(ISBLANK($J41),"0,00",IF(AND($G41="Stunden",$O41="Ja"),VLOOKUP($J41,'Grundlage UN-Lohn'!$M$9:$R$13,6),IF(AND($G41="Monat",$O41="Ja"),VLOOKUP($J41,'Grundlage UN-Lohn'!$M$2:$R$6,6),"0,00"))) -> 0,00 | T41: =IF(AND(L41="Nein",M41="Nein",N41="Nein",O41="Nein"),K41,ROUND(K41+(SUM(P41:S41)),0)) -> 0 | U41: =IF(G41=0,0,IF(G41="Stunden",T41*I41,IF(G41="Monat",T41*H41))) -> 0 | Y41: zahlenbasierte_Kriterien | Z41: 3.3 Auswahl wertmäßig drittgrößte Position aus jeder Ausgaben- bzw. Kostengruppe.
B42: =ROW()-13 -> 29 | K42: =IF(ISBLANK($J42),"0,00",IF($G42="Stunden",VLOOKUP($J42,'Grundlage UN-Lohn'!$M$9:$R$13,2),IF($G42="Monat",VLOOKUP($J42,'Grundlage UN-Lohn'!$M$2:$R$6,2),"0,00"))) -> 0,00 | P42: =IF(ISBLANK($J42),"0,00",IF(AND($G42="Stunden",$L42="Ja"),VLOOKUP($J42,'Grundlage UN-Lohn'!$M$9:$R$13,3),IF(AND($G42="Monat",$L42="Ja"),VLOOKUP($J42,'Grundlage UN-Lohn'!$M$2:$R$6,3),"0,00"))) -> 0,00 | Q42: =IF(ISBLANK($J42),"0,00",IF(AND($G42="Stunden",$M42="Ja"),VLOOKUP($J42,'Grundlage UN-Lohn'!$M$9:$R$13,4),IF(AND($G42="Monat",$M42="Ja"),VLOOKUP($J42,'Grundlage UN-Lohn'!$M$2:$R$6,4),"0,00"))) -> 0,00 | R42: =IF(ISBLANK($J42),"0,00",IF(AND($G42="Stunden",$N42="Ja"),VLOOKUP($J42,'Grundlage UN-Lohn'!$M$9:$R$13,5),IF(AND($G42="Monat",$N42="Ja"),VLOOKUP($J42,'Grundlage UN-Lohn'!$M$2:$R$6,5),"0,00"))) -> 0,00 | S42: =IF(ISBLANK($J42),"0,00",IF(AND($G42="Stunden",$O42="Ja"),VLOOKUP($J42,'Grundlage UN-Lohn'!$M$9:$R$13,6),IF(AND($G42="Monat",$O42="Ja"),VLOOKUP($J42,'Grundlage UN-Lohn'!$M$2:$R$6,6),"0,00"))) -> 0,00 | T42: =IF(AND(L42="Nein",M42="Nein",N42="Nein",O42="Nein"),K42,ROUND(K42+(SUM(P42:S42)),0)) -> 0 | U42: =IF(G42=0,0,IF(G42="Stunden",T42*I42,IF(G42="Monat",T42*H42))) -> 0 | Y42: zahlenbasierte_Kriterien | Z42: 3.4 Auswahl wertmäßig nächstgrößte Position ab der viertgrößten aus jeder Ausgaben bzw. Kostenkategorie
B43: =ROW()-13 -> 30 | K43: =IF(ISBLANK($J43),"0,00",IF($G43="Stunden",VLOOKUP($J43,'Grundlage UN-Lohn'!$M$9:$R$13,2),IF($G43="Monat",VLOOKUP($J43,'Grundlage UN-Lohn'!$M$2:$R$6,2),"0,00"))) -> 0,00 | P43: =IF(ISBLANK($J43),"0,00",IF(AND($G43="Stunden",$L43="Ja"),VLOOKUP($J43,'Grundlage UN-Lohn'!$M$9:$R$13,3),IF(AND($G43="Monat",$L43="Ja"),VLOOKUP($J43,'Grundlage UN-Lohn'!$M$2:$R$6,3),"0,00"))) -> 0,00 | Q43: =IF(ISBLANK($J43),"0,00",IF(AND($G43="Stunden",$M43="Ja"),VLOOKUP($J43,'Grundlage UN-Lohn'!$M$9:$R$13,4),IF(AND($G43="Monat",$M43="Ja"),VLOOKUP($J43,'Grundlage UN-Lohn'!$M$2:$R$6,4),"0,00"))) -> 0,00 | R43: =IF(ISBLANK($J43),"0,00",IF(AND($G43="Stunden",$N43="Ja"),VLOOKUP($J43,'Grundlage UN-Lohn'!$M$9:$R$13,5),IF(AND($G43="Monat",$N43="Ja"),VLOOKUP($J43,'Grundlage UN-Lohn'!$M$2:$R$6,5),"0,00"))) -> 0,00 | S43: =IF(ISBLANK($J43),"0,00",IF(AND($G43="Stunden",$O43="Ja"),VLOOKUP($J43,'Grundlage UN-Lohn'!$M$9:$R$13,6),IF(AND($G43="Monat",$O43="Ja"),VLOOKUP($J43,'Grundlage UN-Lohn'!$M$2:$R$6,6),"0,00"))) -> 0,00 | T43: =IF(AND(L43="Nein",M43="Nein",N43="Nein",O43="Nein"),K43,ROUND(K43+(SUM(P43:S43)),0)) -> 0 | U43: =IF(G43=0,0,IF(G43="Stunden",T43*I43,IF(G43="Monat",T43*H43))) -> 0
B44: =ROW()-13 -> 31 | K44: =IF(ISBLANK($J44),"0,00",IF($G44="Stunden",VLOOKUP($J44,'Grundlage UN-Lohn'!$M$9:$R$13,2),IF($G44="Monat",VLOOKUP($J44,'Grundlage UN-Lohn'!$M$2:$R$6,2),"0,00"))) -> 0,00 | P44: =IF(ISBLANK($J44),"0,00",IF(AND($G44="Stunden",$L44="Ja"),VLOOKUP($J44,'Grundlage UN-Lohn'!$M$9:$R$13,3),IF(AND($G44="Monat",$L44="Ja"),VLOOKUP($J44,'Grundlage UN-Lohn'!$M$2:$R$6,3),"0,00"))) -> 0,00 | Q44: =IF(ISBLANK($J44),"0,00",IF(AND($G44="Stunden",$M44="Ja"),VLOOKUP($J44,'Grundlage UN-Lohn'!$M$9:$R$13,4),IF(AND($G44="Monat",$M44="Ja"),VLOOKUP($J44,'Grundlage UN-Lohn'!$M$2:$R$6,4),"0,00"))) -> 0,00 | R44: =IF(ISBLANK($J44),"0,00",IF(AND($G44="Stunden",$N44="Ja"),VLOOKUP($J44,'Grundlage UN-Lohn'!$M$9:$R$13,5),IF(AND($G44="Monat",$N44="Ja"),VLOOKUP($J44,'Grundlage UN-Lohn'!$M$2:$R$6,5),"0,00"))) -> 0,00 | S44: =IF(ISBLANK($J44),"0,00",IF(AND($G44="Stunden",$O44="Ja"),VLOOKUP($J44,'Grundlage UN-Lohn'!$M$9:$R$13,6),IF(AND($G44="Monat",$O44="Ja"),VLOOKUP($J44,'Grundlage UN-Lohn'!$M$2:$R$6,6),"0,00"))) -> 0,00 | T44: =IF(AND(L44="Nein",M44="Nein",N44="Nein",O44="Nein"),K44,ROUND(K44+(SUM(P44:S44)),0)) -> 0 | U44: =IF(G44=0,0,IF(G44="Stunden",T44*I44,IF(G44="Monat",T44*H44))) -> 0 | Y44: Ausweitung_Stichprobe
S45: SUMME | U45: =SUM(U14:U44) -> 0 | V45: =SUM(V14:V44) -> 0
B49: * Der zeitliche Einsatz des Unternehmers oder eines angestellten Geschäftsführers darf im Projekt(-netzwerk) maximal ein Drittel seiner Gesamtarbeitszeit pro Monat betragen (bei Unternehmern im Hauptgewerbe mit höchstens fünf Mitarbeitern maximal 50 v. H.) und reduziert sich anteilig, sofern Tätigkeiten gleichzeitig in mehreren Unternehmen oder in Anstellungsverhältnissen bestehen. Die anrechnungsfähige Gesamtarbeitszeit ist dabei auf durchschnittlich 60 Stunden pro Woche für alle ausgeübten Tätigkeiten begrenzt.

Sheet direkte Ausgaben
B3: ="zahlenmäßiger Nachweis - Anlage zum Auszahlungsantrag Nr."&" "&'Gesamtübersicht je AZ'!$C$3 -> zahlenmäßiger Nachweis - Anlage zum Auszahlungsantrag Nr.
P5: Bitte die grau hinterlegten Felder befüllen!
B6: Zuwendungs-/Zuweisungsempfänger | H6: ='Gesamtübersicht je AZ'!$B$7 -> 0
B7: Vorhaben | H7: ='Gesamtübersicht je AZ'!$B$8 -> 0
B8: Vorgangsnummer laut Zuwendungsbescheid/ Zuweisungsschreiben | H8: ='Gesamtübersicht je AZ'!$B$9 -> 0
B10: Hinweis: Die Bezuschussung von Barzahlungen und Verrechnungen ist ausgeschlossen.
A11: lfd. Nr. AZ | B11: lfd. Nr. | C11: ggf. Vertragsnummer / lfd. Nr. Vergabeübersicht | D11: Art der Kosten | E11: Kostengruppen (sofern gem. Bescheid anzugeben) | F11: davon (sofern gem. Bescheid anzugeben) | G11: Rechnungssteller | H11: genaue Bezeichnung der getätigten Ausgaben für Teilnehmer/ Leistungen Dritter/ | I11: Rechnungs-datum | J11: Rechnungsnummer des Lieferanten | K11: vorhabens-bezogener Rechnungs-betrag netto * | L11: Mehrwert-steuer (nur OHNE Vorsteuer-abzugsbe-rechtigung) | M11: Skonti, Boni u.ä.** | N11: Zahlungsdatum | O11: förderfähige Ausgaben | P11: Bemerkungen
K12: (in Euro) | L12: in % | M12: in % | O12: (in Euro)
A13: Spalte0 | B13: Spalte1 | C13: Spalte2 | D13: Spalte3 | E13: Spalte32 | F13: Spalte33 | G13: Spalte4 | H13: Spalte5 | I13: Spalte6 | J13: Spalte7 | K13: Spalte8 | L13: Spalte9 | M13: Spalte10 | N13: Spalte11 | O13: Spalte12 | P13: Spalte13
B14: =ROW()-13 -> 1 | O14: =($K14-($K14*$M14))+(($K14-($K14*$M14))*$L14) -> 0
B15: =ROW()-13 -> 2 | O15: =($K15-($K15*$M15))+(($K15-($K15*$M15))*$L15) -> 0
B16: =ROW()-13 -> 3 | O16: =($K16-($K16*$M16))+(($K16-($K16*$M16))*$L16) -> 0
B17: =ROW()-13 -> 4 | O17: =($K17-($K17*$M17))+(($K17-($K17*$M17))*$L17) -> 0
B18: =ROW()-13 -> 5 | O18: =($K18-($K18*$M18))+(($K18-($K18*$M18))*$L18) -> 0
B19: =ROW()-13 -> 6 | O19: =($K19-($K19*$M19))+(($K19-($K19*$M19))*$L19) -> 0
B20: =ROW()-13 -> 7 | O20: =($K20-($K20*$M20))+(($K20-($K20*$M20))*$L20) -> 0
B21: =ROW()-13 -> 8 | O21: =($K21-($K21*$M21))+(($K21-($K21*$M21))*$L21) -> 0
B22: =ROW()-13 -> 9 | O22: =($K22-($K22*$M22))+(($K22-($K22*$M22))*$L22) -> 0
B23: =ROW()-13 -> 10 | O23: =($K23-($K23*$M23))+(($K23-($K23*$M23))*$L23) -> 0
B24: =ROW()-13 -> 11 | O24: =($K24-($K24*$M24))+(($K24-($K24*$M24))*$L24) -> 0
B25: =ROW()-13 -> 12 | O25: =($K25-($K25*$M25))+(($K25-($K25*$M25))*$L25) -> 0
... B63: =ROW()-13 -> 50 | O63: =($K63-($K63*$M63))+(($K63-($K63*$M63))*$L63) -> 0
J64: Summen | K64: =SUM(K14:K63) -> 0 | O64: =SUM(O14:O63) -> 0
A65: Hinweis: Zum Hinzufügen weiterer Zeilen markieren Sie bitte eine bereits bestehende Zeile und drücken Sie gleichzeitig "Strg" und "+".
B67: * Hinweis: Nicht dem Vorhaben zugehörige und nicht förderfähige Rechnungspositionen sind vom Rechnungsbetrag netto abzuziehen.
B68: ** Hinweis: Gewährte Rabatte, Skonti, Boni u. ä. sind nicht förderfähig, selbst wenn sie nicht in Anspruch genommen werden (vgl. Zuwendungsbescheid/ Zuweisungsschreiben).

Sheet Meilensteine
B3: ="zahlenmäßiger Nachweis - Anlage zum Auszahlungsantrag" & " " & 'Gesamtübersicht je AZ'!$C$3 -> zahlenmäßiger Nachweis - Anlage zum Auszahlungsantrag
E5: Bitte die grau hinterlegten Felder befüllen!
B7: Zuwendungssempfänger | D7: ='Gesamtübersicht je AZ'!#REF! -> #REF!
B8: Vorhaben | D8: ='Gesamtübersicht je AZ'!$B$8 -> 0
B9: Vorgangsnummer laut Zuwendungsbescheid | D9: ='Gesamtübersicht je AZ'!$B$9 -> 0
A11: lfd. Nr. AZ | B11: Meilenstein | C11: Bezeichnung Meilenstein gem. Zuwendungsbescheid | D11: Teilbetrag je Meilenstein | E11: erfüllt gem. ZWB definierter Nachweise (siehe Anlagen)
A12: Spalte0 | B12: Spalte1 | C12: Spalte2 | D12: Spalte3 | E12: Spalte4
B13: =ROW()-12 -> 1
B14: =ROW()-12 -> 2
B15: =ROW()-12 -> 3
B16: =ROW()-12 -> 4
B17: =ROW()-12 -> 5
B18: =ROW()-12 -> 6
B19: =ROW()-12 -> 7
B20: =ROW()-12 -> 8
B21: =ROW()-12 -> 9
B22: =ROW()-12 -> 10
B23: =ROW()-12 -> 11
B24: =ROW()-12 -> 12
B25: =ROW()-12 -> 13

Sheet Grundlagen VKO neu
A4: Pauschalwerte ohne Urlaubsabgeltung
A5: Pauschalwerte mit Urlaubsabgeltung
A9: Zuwendungsrechtsergänzungserlass
A10: Pauschal ohne Urlaubsabgeltung
A11: Qualitätsstufe | B11: EUR pro Stunde | G11: Stunden auf Monatsbasis | H11: Stunden auf Jahresbasis | J11: Stunden
A12: a | B12: 42 | J12: Monat
A13: b | B13: 31.5 | J13: Jahr
A14: c | B14: 30
A15: d | B15: 23
A16: e | B16: 19
A19: Qualitätsstufe | B19: EUR pro Monat
A20: a | B20: 7295
A21: b | B21: 5487
A22: c | B22: 5208
A23: d | B23: 3942
A24: e | B24: 3261
A27: Qualitätsstufe | B27: EUR pro Jahr
A28: a | B28: 87537
A29: b | B29: 65841
A30: c | B30: 62495
A31: d | B31: 47301
A32: e | B32: 39134
A36: Pauschal mit Urlaubsabgeltung
A37: Qualitätsstufe | B37: EUR pro Stunde
A38: a | B38: 47
A39: b | B39: 35.5
A40: c | B40: 34
A41: d | B41: 25.5
A42: e | B42: 21
A45: Qualitätsstufe | B45: EUR pro Monat
A46: a | B46: 8207
A47: b | B47: 6173
A48: c | B48: 5859
A49: d | B49: 4434
A50: e | B50: 3669
A53: Qualitätsstufe | B53: EUR pro Jahr
A54: a | B54: 0
A55: b | B55: 0
A56: c | B56: 0
A57: d | B57: 0
A58: e | B58: 0

Sheet Grundlagen VKO alt
A4: Pauschalwerte ohne Urlaubsabgeltung
A5: Pauschalwerte mit Urlaubsabgeltung
A9: Zuwendungsrechtsergänzungserlass
A10: Pauschal ohne Urlaubsabgeltung
A11: Qualitätsstufe | B11: EUR pro Stunde | G11: Stunden auf Monatsbasis | H11: Stunden auf Jahresbasis | J11: Stunden
A12: a | B12: 46.5 | J12: Monat
A13: b | B13: 30.5 | J13: Jahr
A14: c | B14: 28.5
A15: d | B15: 22
A16: e | B16: 18
A17: f | B17: 16
A19: Qualitätsstufe | B19: EUR pro Monat
A20: a | B20: 8092
A21: b | B21: 5318
A22: c | B22: 4969
A23: d | B23: 3787
A24: e | B24: 3109
A25: f | B25: 2771
A27: Qualitätsstufe | B27: EUR pro Jahr
A28: a | B28: 97102
A29: b | B29: 63818
A30: c | B30: 59633
A31: d | B31: 45445
A32: e | B32: 37314
A33: f | B33: 33257
A36: Pauschal mit Urlaubsabgeltung
A37: Qualitätsstufe | B37: EUR pro Stunde
A38: a | B38: 52.5
A39: b | B39: 34.5
A40: c | B40: 32
A41: d | B41: 24.5
A42: e | B42: 20
A43: f | B43: 18
A45: Qualitätsstufe | B45: EUR pro Monat
A46: a | B46: 9103
A47: b | B47: 5983
A48: c | B48: 5591
A49: d | B49: 4260
A50: e | B50: 3498
A51: f | B51: 3118
A53: Qualitätsstufe | B53: EUR pro Jahr
A54: a | B54: 0
A55: b | B55: 0
A56: c | B56: 0
A57: d | B57: 0
A58: e | B58: 0
A59: f | B59: 0

Sheet Grundlage UN-Lohn
M1: Monat | N1: Pauschal | O1: KV | P1: PV | Q1: RV | R1: AV
A2: Pauschalierung Unternehmerlohn gem. Richtlinie | I2: 0.16 | J2: 28.6 | L2: Projektentw. | M2: a | N2: 4819.18 | O2: 392.76 | P2: 81.93 | Q2: 448.18 | R2: 42.65
I3: 0.33 | J3: 57.2 | L3: Produktion | M3: b | N3: 3517.54 | O3: 286.68 | P3: 59.8 | Q3: 327.13 | R3: 45.73
I4: 0.375 | J4: 65 | L4: Vertrieb | M4: c | N4: 3338.78 | O4: 272.11 | P4: 56.76 | Q4: 310.51 | R4: 43.4
B5: Qualitäts- | C5: Qualitäts- | D5: Qualitäts- | E5: Qualitäts- | F5: Qualitäts- | I5: 0.75 | J5: 130 | M5: d | N5: 2527.04 | O5: 205.95 | P5: 42.93 | Q5: 235.01 | R5: 32.85
B6: stufe a) | C6: stufe b) | D6: stufe c) | E6: stufe d) | F6: stufe e) | M6: e | N6: 2090.7 | O6: 170.39 | P6: 35.54 | Q6: 194.43 | R6: 27.18
B7: (leitende Stellung und mit Tätigkeiten | C7: (schwierige verantwortungs-volle Tätigkeiten) | D7: (schwierige und selbstständige | E7: (Fachkräfte) | F7: (angelernte Kräfte)
B8: von besonderer Bedeutung und Verantwortung) | D8: Tätigkeiten) | M8: Stunden | N8: Pauschal | O8: KV | P8: PV | Q8: RV | R8: AV
B9: in Euro | C9: in Euro | D9: in Euro | E9: in Euro | F9: in Euro | M9: a | N9: 27.7 | O9: 2.26 | P9: 0.47 | Q9: 2.58 | R9: 0.36
A10: Basis-Pauschalwert Monat (Arbeitnehmer-Durchschnittsbrutto 2021 inkl. Kohäsionsfaktor | B10: 4819.18 | C10: 3517.54 | D10: 3338.78 | E10: 2527.04 | F10: 2090.7 | M10: b | N10: 20.21 | O10: 1.65 | P10: 0.34 | Q10: 1.88 | R10: 0.27
A11: 5,5 v. H. | M11: c | N11: 19.19 | O11: 1.56 | P11: 0.33 | Q11: 1.78 | R11: 0.25
A12: ohne Sozialversicherung) | M12: d | N12: 14.52 | O12: 1.18 | P12: 0.25 | Q12: 1.35 | R12: 0.19
A13: Bei Nachweis hinzurechnen | B13: 985.52 | C13: 719.34 | D13: 682.78 | E13: 516.78 | F13: 527.55 | M13: e | N13: 12.02 | O13: 0.98 | P13: 0.2 | Q13: 1.12 | R13: 0.16
A14: maximal
A15: 20,075 v. H. Sozialversicherungs-anteil (bis zur Beitrags-bemessungsgrenze von 4 837,50 Euro in der Kranken- und Pflegeversicherung)
A17: davon für Krankenversicherung | B17: 392.76 | C17: 286.68 | D17: 272.11 | E17: 205.95 | F17: 170.39
A18: 7,95 v. H.
A19: bis zur Beitrags-bemessungsgrenze von 4 837,50 Euro
A20: davon für Pflegeversicherung | B20: 81.93 | C20: 59.8 | D20: 56.76 | E20: 52.93 | F20: 35.54
A21: 1,525 v. H.
A22: bis zur Beitrags-bemessungsgrenze von 4 837,50 Euro
A23: davon für Rentenversicherung | B23: 448.18 | C23: 327.13 | D23: 310.51 | E23: 235.01 | F23: 194.43
A24: 9,3 v. H.
A25: davon für | B25: 62.65 | C25: 45.73 | D25: 43.4 | E25: 32.85 | F25: 27.18
A26: Arbeitslosen-versicherung
A27: 1,3 v. H.
A28: Summe | B28: =B10+B17+B20+B23+B25 -> 5804.7 | C28: =C10+C17+C20+C23+C25 -> 4236.88 | D28: =D10+D17+D20+D23+D25 -> 4021.56 | E28: =E10+E17+E20+E23+E25 -> 3053.78 | F28: =F10+F17+F20+F23+F25 -> 2518.24
A29: gerundet | B29: 5805 | C29: 4237 | D29: 4022 | E29: 3044 | F29: 2518
A30: Basis-Pauschalwert Stunde | B30: 27.7 | C30: 20.21 | D30: 19.19 | E30: 14.52 | F30: 12.02
A31: (Basis-Pauschalwert Monat/ 174 Stunden)
A32: Bei Nachweis hinzurechnen maximal | B32: 5.66 | C32: 4.13 | D32: 3.92 | E32: 2.97 | F32: 2.46
A33: 20,075 v. H. Sozialversicherungs-anteil (bis zur Beitrags-bemessungsgrenze von 4 837,50 Euro/ 174 Stunden pro Monat in der
A34: Kranken- und Pflegeversicherung)
A35: davon für Krankenversicherung | B35: 2.26 | C35: 1.65 | D35: 1.56 | E35: 1.18 | F35: 0.98
A36: 7,95 v. H.
A37: bis zur Beitrags-bemessungsgrenze von 4 837,50 Euro/ 174 Stunden pro Monat
A38: davon für Pflegeversicherung | B38: 0.47 | C38: 0.34 | D38: 0.33 | E38: 0.25 | F38: 0.2
A39: 1,525 v. H.
A40: bis zur Beitrags-bemessungsgrenze von 4 837,50 Euro/ 174 Stunden pro Monat
A41: davon für Rentenversicherung | B41: 2.58 | C41: 1.88 | D41: 1.78 | E41: 1.35 | F41: 1.12
A42: 9,3 v. H.
A43: davon für | B43: 0.36 | C43: 0.26 | D43: 0.25 | E43: 0.19 | F43: 0.16
A44: Arbeitslosen-versicherung
A45: 1,3 v. H.
A46: Summe | B46: 33.36 | C46: 24.35 | D46: 23.11 | E46: 17.49 | F46: 14.47
A47: gerundet | B47: 33 | C47: 24 | D47: 23 | E47: 17 | F47: 14

Sheet Auswahlmöglichkeiten
A1: Auswahl | B1: Art der Kosten | C1: Personalausgaben | D1: Prüfkriterium | E1: Risikoprüffeld | G1: Publizität | H1: Kürzungsgründe | I1: Kostengruppe | J1: Investitionen davon Posititionen | K1: Fehlerkategorie
A2: Ja | B2: Ausgaben für Dienstreisen des Projektpersonals | C2: Arbeitnehmer Bruttoentgelt | D2: Belegprüfung_erfolgt | E2: 0. Belegprüfung erfolgt | G2: Hinweis: Bitte reichen Sie spätestens mit dem 1. Auszahlungsantrag den Publizitätsnachweis gem. Zuwendungsbescheid/ Zuweisungsschreiben ein. | H2: abz.Mehrwertsteuer, da Nettoförderung | I2: KG 100 | J2: Investitionsmehrkosten gem. Art. 38 AGVO | K2: Zufallsfehler
A3: Nein | B3: Ausgaben für Lehrgänge und Leistungen externer Einrichtungen | C3: SV-Beitrag Arbeitgeber inkl. gesetzlicher Umlagen | D3: Vergabetiefenprüfung | F3: 0.1 Belegprüfung zu 100% erfolgt, da Bearbeitung vor dem 01.02.2025 | H3: abzgl. Skonto, Boni, Rabatte lt. Zuwendungsbescheid | I3: KG 200 | J3: gem. Art. 38a AGVO | K3: Zufallsfehler (grob)
A4: x | B4: Miet- und Mietnebenausgaben für projektbedingte Räume der Teilnehmenden | C4: Erstattung gesetzlicher Umlagen | D4: risikobasierte_Kriterien | F4: 0.2 Prüfbescheinigung | H4: Ausgaben ohne Kontoauszug | I4: KG 300 | K4: Systembedingter Fehler
B5: Ausgaben für projektbedingte Fahrten der Teilnehmenden | C5: Sonderzahlung | D5: risikobehaftete_Ausgabenkategorien | E5: 1. Tiefenprüfung | H5: Ausgaben ohne Nachweis | I5: KG 400
B6: sonstige Sozialabgaben für Teilnehmende | C6: SV-Beitrag Sonderzahlung inkl. gesetzlicher Umlagen | D6: zahlenbasierte_Kriterien | F6: 1.1 Das entsprechende Los befindet sich derzeit in Vergabetiefenprüfung | H6: Ausgaben ohne Originalbeleg | I6: KG 500
B7: sonstige teilnahmebedingte Ausgaben | C7: Stundenlohn Hilfskraft | D7: Ausweitung_Stichprobe | F7: 1.2 Vergabetiefenprüfung ist erfolgt | H7: Bezuschussung dieser Investitionen vorerst gesperrt | I7: KG 600
B8: Leistungen zur Sicherung des Lebensunterhalts der Teilnehmenden (SGB II) | C8: nachträgliche Erstattung | E8: 2. risikobasierte Kriterien (ggf. getrennt nach Personal und Sachausgaben und auch kürzer fassen) | H8: Einzelansatzüberschreitung über 20% | I8: KG 700
B9: Miet- und Leasingausgaben für vorhabenbezogene Ausstattungsgegenstände | E9: 2.1 Sachausgaben | H9: fehlerhafte Ermittlung der Einheiten / Bemessungsgrundlage
B10: Ausgaben für geringwertige Wirtschaftsgüter | F10: 2.1.1 Die Angaben im zahlenmäßigen Nachweis sind unvollständig. | H10: Grundstücks- u. Baunebenkosten, Beratungskosten als Bestandteil der Baunebenkosten
B11: Ausgaben für Öffentlichkeitsarbeit | F11: 2.1.2 Die Angaben im zahlenmäßigen Nachweis sind nicht plausibel. | H11: Investitionsort nicht ersichtlich bzw. Lieferanschrift ≠ Investitionsort
B12: Motivationsprämie (bis zu EUR 100,00 pro Monat) | F12: 2.1.3 Die Angaben des Zahlungsempfängers / Rechnungslegers wecken Zweifel an der rechtmäßigen Verwendung der Mittel. | H12: Korrektur des Rechnungsbetrages
F13: 2.1.4 Aus den Angaben des Zuwendungsempfängers im Verwendungszweck des zahlenmäßigen Nachweises ergeben sich Hinweise auf einen unklaren Bezug zum Vorhaben. | H13: Kürzung entsprechend Bewilligung
F14: 2.1.5 Aus den Angaben des Zuwendungsempfängers im Verwendungszweck des zahlenmäßigen Nachweises ergeben sich Hinweise auf eine Nichtförderfähigkeit der Ausgaben. | H14: Kürzung wg. Nichteinhaltung Publizitätsvorschriften
F15: 2.1.6 Das Rechnungsdatum liegt im engen zeitlichen Zusammenhang mit dem Vorhabenbeginn (vorzeitiger MB). | H15: Kürzung wg. Vergabeverstoß (Angabe in %)
F16: 2.1.7 Der Zahlungsbetrag weicht vom Rechnungsbetrag ab. | H16: nff Positionen aus der Rechnung
F17: 2.1.8 Ausgaben-Kostengruppe war nicht Antragsgegenstand, bzw. Gegenstand eines Änderungsantrages | H17: nff. lt. Prüfbericht vom BLSA bzw. anderer Prüfstellen
F18: 2.1.9 Finanzierungsbaustein (Mietkauf, Leasing o.ä.) nicht Antragsgegenstand, bzw. Gegenstand eines Änderungsantrages | H18: nff. Wg. Doppelförderung
F19: 2.1.10 Sonstige Auffälligkeiten (Sachausgaben) | H19: nff. wg. Nichteinhaltung BRKGVwV
E20: 2.2 Personalausgaben | H20: nicht dem Projekt / Zuwendungszweck zuordenbar
F21: 2.2.1 Die Angaben im zahlenmäßigen Nachweis sind unvollständig. | H21: Nichteinhaltung Besserstellungsverbot
F22: 2.2.2 Die Angaben im zahlenmäßigen Nachweis sind nicht plausibel. | H22: Rechnung bzw. Leistungserbringung nach Ende des Bewilligungszeitraumes
F23: 2.2.3 Abrechnungszeitraum liegt nicht innerhalb des Projektzeitraumes. | H23: Rechnungsgegenstand nicht Antragsgegenstand
F24: 2.2.4 Die abgerechneten Ausgaben je Teilnehmer weichen deutlich von vorherigen Zahlungen ab (Weihnachtsgeld etc.) | H24: Rundungsfehler
F25: 2.2.5 Sonstige Auffälligkeiten | H25: Sonstiges (siehe Bearbeitungshinweise IB)
E26: 3. zahlenbasierte Kriterien | H26: Zahlbetrag lt. Kontoauszug bzw. Zahlungsnachweis
F27: 3.1 Auswahl wertmäßig größte Position aus jeder Ausgaben- bzw. Kostengruppe | H27: Zahlungsbetrag lt. Rechnung
F28: 3.2 Auswahl wertmäßig zweitgrößte Position aus jeder Ausgaben- bzw. Kostengruppe.
F29: 3.3 Auswahl wertmäßig drittgrößte Position aus jeder Ausgaben- bzw. Kostengruppe.
F30: 3.4 Auswahl wertmäßig nächstgrößte Position ab der viertgrößten aus jeder Ausgaben bzw. Kostenkategorie
E36: 3. risikobehaftete Ausgaben
F37: 3.1 risikobehaftete Ausgaben gem. Risikoanalyse, wenn noch nicht in 1 und/oder 2 enthalten
